 Dungeon Crawl Stone Soup version 0.23-a0-671-g42e8185 (webtiles) character file.

1497540 Hrodulf the Middleweight Champion (level 27, -26/248 HPs)
             Began as a Red Draconian Transmuter on Jan 8, 2019.
             Was an Elder of Cheibriados.
             Killed from afar by Lom Lobon (61 damage)
             ... with a great icy blast
             ... in Pandemonium on Jan 9, 2019.
             The game lasted 09:28:42 (134963 turns).

Hrodulf the Middleweight Champion (DrTm)          Turns: 134963, Time: 09:28:43

Health: -26/248    AC: 27    Str: 35      XL:     27
Magic:  12/46      EV: 35    Int: 21 (24) God:    Cheibriados [****..]
Gold:   9703       SH: 29    Dex: 19      Spells: 3/76 levels left

rFire    + . .     SeeInvis .     - Unarmed
rCold    + + .     Gourm    .   b - +0 shield of Qymaits {rPois rN+ rCorr}
rNeg     + + +     Faith    .   (armour unavailable)
rPois    ∞         Spirit   .   (helmet restricted)
rElec    +         Reflect  +   m - scarf {rC+ rF+}
rCorr    +         Harm     .   (gloves currently unavailable)
MR       +++++     Rnd*Rage +   (boots currently unavailable) Stlth +.........NoTele +
                                z - brooch of Shielding {Reflect SH+8}
HPRegen  0.00/turn              U - ring "Qapp" {rPois MR+++ Str+3 Int+2 Stlth-}
MPRegen  0.30/turn              K - ring "Daiw" {Ice -Tele rPois rN+ Str+2}

@: statue-form, very slow
A: (breathe fire), unfitting armour, berserk 2, blurry vision 3, clumsy 1,
deterioration 2, dopey 2, fire resistance 1, frail 3, low mp 1, sense
surroundings 1, screaming 2, inhibited regeneration, teleportitis 3, weak 2, no
potion heal 2, cold-blooded, subdued magic 3, AC +13
}: 12/15 runes: decaying, serpentine, slimy, silver, iron, obsidian, icy, bone,
abyssal, demonic, fiery, dark
a: End Transformation, Bend Time, Temporal Distortion, Slouch, Renounce Religion


You were in Pandemonium.
You worshipped Cheibriados.
Cheibriados was greatly pleased with you.
You were hungry.
You were a stone statue.
You visited 17 branches of the dungeon, and saw 86 of its levels.
You visited Pandemonium 3 times, and saw 13 of its levels.
You visited the Abyss 1 time.
You visited 1 bazaar.
You also visited: Trove, Gauntlet and Desolation.

You collected 16241 gold pieces.
You spent 6538 gold pieces at shops.

Inventory:

Missiles
 t - 2334 arrows
Armour
 b - the +0 shield of Qymaits (worn) {rPois rN+ rCorr}
   (You bought it in a shop in a bazaar)

   It protects you from poison.
   It protects you from negative energy.
   It provides partial protection from all sources of acid and corrosion.
 m - a scarf of resistance (worn)
 u - a +2 pair of gloves of archery (melded)
 M - the +2 cloak "Huafu Wemn" {Str+8}
   (You found it in Pandemonium)

   It affects your strength (+8).
 N - the +0 pair of boots "Kerhiug" (melded) {rN+ Regen+ Dex+5 SInv}
   (You bought it in a shop on level 2 of the Orcish Mines)

   It affects your dexterity (+5).
   It protects you from negative energy.
   It lets you see invisible.
   It increases your rate of regeneration.
Jewellery
 a - a +5 ring of evasion
 e - the ring of the Will of the Gods {rN+ EV+3 Str+2}
   (You found it on level 4 of the Depths)

   [ring of evasion]

   It affects your evasion (+3).
   It affects your strength (+2).
   It protects you from negative energy.
 p - an uncursed ring of protection from magic
 x - the ring "Looshoig" {rF+ rN+ Int+3 Stlth-}
   (You found it on level 7 of Tartarus)

   [ring of intelligence]

   It affects your intelligence (+3).
   It protects you from fire.
   It protects you from negative energy.
   It makes you less stealthy.
 z - the brooch of Shielding (around neck) {Reflect SH+8}
   (You found it in a treasure trove)

   [amulet of reflection]

   It shields you and reflects attacks.
   It affects your SH (+8).
 G - the ring "Merore" {rCorr rC++}
   (You took it off a blood saint in Pandemonium)

   [ring of resist corrosion]

   It greatly protects you from cold.
 K - the ring "Daiw" (right hand) {Ice -Tele rPois rN+ Str+2}
   (You found it on level 7 of the Iron City of Dis)

   [ring of ice]

   It enhances your ice magic.
   It affects your strength (+2).
   It makes you vulnerable to fire.
   It protects you from cold.
   It protects you from poison.
   It protects you from negative energy.
   It prevents most forms of teleportation.
 U - the ring "Qapp" (left hand) {rPois MR+++ Str+3 Int+2 Stlth-}
   (You found it in a Gauntlet)

   [ring of intelligence]

   It affects your strength (+3).
   It affects your intelligence (+2).
   It protects you from poison.
   It affects your resistance to hostile enchantments.
   It makes you less stealthy.
 W - the ring of Yzxesaos {+Fly Int+6}
   (You found it in a Gauntlet)

   [ring of flight]

   It affects your intelligence (+6).
   It lets you fly.
 X - an uncursed ring of protection from fire
Wands
 l - a wand of digging (4)
 q - a wand of clouds (13)
 I - a wand of acid (36)
Scrolls
 d - 8 scrolls of enchant armour
 f - 7 scrolls of fear
 j - 38 scrolls of teleportation
 o - 43 scrolls of remove curse
 s - 4 scrolls of immolation
 y - 4 scrolls of torment
 C - a scroll of summoning
 D - 10 scrolls of amnesia
 F - 7 scrolls of fog
 J - 6 scrolls of holy word
 L - 3 scrolls of silence
 R - 10 scrolls of vulnerability
 T - 6 scrolls of blinking
 V - 30 scrolls of identify
 Z - 13 scrolls of magic mapping
Potions
 g - 22 potions of curing
 i - 9 potions of brilliance
 n - 7 potions of resistance
 w - 9 potions of agility
 E - 6 potions of ambrosia
 H - 6 potions of might
 Q - 4 potions of heal wounds
 S - 3 potions of cancellation
Miscellaneous
 h - a lamp of fire
 k - 5 boxes of beasts
 r - 5 sacks of spiders
 v - a crystal ball of energy
 B - a lightning rod (4/4)
 O - 4 phantom mirrors
 P - a phial of floods
 Y - a fan of gales
Comestibles
 c - 80 rations


   Skills:
 O Level 27 Fighting
 - Level 1.0 Throwing
 O Level 27 Dodging
 O Level 27 Shields
 O Level 27 Unarmed Combat
 - Level 25.0 Spellcasting
 - Level 25.0 Conjurations
 - Level 5.0 Charms
 + Level 21.8 Necromancy
 - Level 25.0 Translocations
 - Level 20.0 Transmutations
 - Level 25.0 Fire Magic
 - Level 5.0 Ice Magic
 - Level 20.0 Earth Magic
 - Level 15.0 Invocations


You had 3 spell levels left.
You knew the following spells:

 Your Spells              Type           Power        Failure   Level  Hunger
a - Apportation           Tloc           ######       0%          1    None
b - Sticks to Snakes      Tmut           ######..     0%          2    None
c - Infestation           Necr           ######....   1%          8    ######.
d - Ice Form              Ice/Tmut       ######..     0%          4    None
e - Necromutation         Tmut/Necr      ######....   1%          8    ######.
f - Blink                 Tloc           N/A          0%          2    None
g - Lesser Beckoning      Tloc           ######....   0%          3    None
h - Statue Form           Tmut/Erth      ######...    0%          6    ##.....
i - Bolt of Magma         Conj/Fire/Erth ######....   0%          5    None
j - Shroud of Golubria    Chrm/Tloc      #####.....   0%          2    None
k - Passwall              Tmut/Erth      ######..     0%          2    None
l - Regeneration          Chrm/Necr      #####.....   0%          3    None
m - Ozocubu's Armour      Chrm/Ice       #####...     1%          3    None
n - Controlled Blink      Tloc           N/A          1%          8    ######.
o - Dragon Form           Tmut           ######....   1%          7    ####...
p - Fire Storm            Conj/Fire      ######....   1%          9    #######

Your spell library contained the following spells:

 Spells                   Type           Power        Failure   Level  Hunger
 Animate Skeleton         Necr           N/A          0%          1    None
 Beastly Appendage        Tmut           ######       0%          1    None
 Flame Tongue             Conj/Fire      #####        0%          1    None
 Magic Dart               Conj           ####         0%          1    None
 Pain                     Necr           ####         0%          1    None
 Sandblast                Erth           ######       0%          1    None
 Shock                    Conj/Air       ####         0%          1    None
 Sting                    Conj/Pois      ####         0%          1    None
 Corpse Rot               Necr           N/A          0%          2    None
 Searing Ray              Conj           ######       0%          2    None
 Throw Frost              Conj/Ice       ######       0%          2    None
 Conjure Flame            Conj/Fire      ######..     0%          3    None
 Dazzling Spray           Conj/Hex       #####.       0%          3    None
 Gell's Gravitas          Tloc           ######....   0%          3    None
 Inner Flame              Hex/Fire       #####...     0%          3    None
 Mephitic Cloud           Conj/Pois/Air  ####....     0%          3    None
 Portal Projectile        Hex/Tloc       #####.       0%          3    None
 Recall                   Summ/Tloc      N/A          0%          3    None
 Spider Form              Tmut/Pois      #####.....   0%          3    None
 Static Discharge         Conj/Air       #####...     0%          3    None
 Stone Arrow              Conj/Erth      ######       0%          3    None
 Teleport Other           Tloc           ######..     0%          3    None
 Vampiric Draining        Necr           ######....   0%          3    None
 Confusing Touch          Hex            ##....       1%          1    None
 Corona                   Hex            ##.....      1%          1    None
 Freeze                   Ice            ####         1%          1    None
 Infusion                 Chrm           ###.         1%          1    None
 Summon Butterflies       Summ           ##......     1%          1    None
 Summon Small Mammal      Summ           ##..         1%          1    None
 Call Imp                 Summ           ##......     1%          2    None
 Ensorcelled Hibernation  Hex/Ice        ####..       1%          2    None
 Poisonous Vapours        Pois/Air       ##....       1%          2    None
 Slow                     Hex            ##......     1%          2    None
 Song of Slaying          Chrm           ###.....     1%          2    None
 Swiftness                Chrm/Air       ###.....     1%          2    None
 Call Canine Familiar     Summ           ##......     1%          3    None
 Confuse                  Hex            ##......     1%          3    None
 Spectral Weapon          Hex/Chrm       ###.....     1%          3    None
 Summon Guardian Golem    Hex/Summ       ##......     1%          3    None
 Tukima's Dance           Hex            ##......     1%          3    None
 Animate Dead             Necr           N/A          0%          4    None
 Force Lance              Conj/Tloc      ######..     0%          4    None
 Fulminant Prism          Conj/Hex       #####.....   0%          4    None
 Iskenderun's Mystic Bla  Conj           ######..     0%          4    None
 Passage of Golubria      Tloc           N/A          0%          4    None
 Petrify                  Tmut/Erth      ######..     0%          4    None
 Throw Icicle             Conj/Ice       ######..     0%          4    None
 Blade Hands              Tmut           ######....   0%          5    None
 Bolt of Draining         Conj/Necr      ######....   0%          5    None
 Borgnjor's Vile Clutch   Necr/Erth      ######....   0%          5    None
 Excruciating Wounds      Chrm/Necr      #####.....   0%          5    None
 Iskenderun's Battlesphe  Conj/Chrm      #####...     0%          5    None
 Lee's Rapid Deconstruct  Erth           ######....   0%          5    None
 Bolt of Fire             Conj/Fire      ######....   0%          6    ##.....
 Death Channel            Necr           ######....   0%          6    ##.....
 Dispersal                Tloc           ######....   0%          6    ##.....
 Hydra Form               Tmut           ######....   0%          6    ##.....
 Iron Shot                Conj/Erth      ######....   0%          6    ##.....
 Orb of Destruction       Conj           ######....   0%          7    ####...
 Leda's Liquefaction      Hex/Erth       #####.....   1%          4    None
 Summon Ice Beast         Ice/Summ       ####....     1%          4    None
 Alistair's Intoxication  Tmut/Pois      #####...     1%          5    None
 Lightning Bolt           Conj/Air       #####.....   1%          5    None
 Summon Forest            Summ/Tloc      #####.....   1%          5    None
 Venom Bolt               Conj/Pois      #####.....   1%          5    None
 Yara's Violent Unravell  Hex/Tmut       #####.....   1%          5    None
 Bolt of Cold             Conj/Ice       ######....   1%          6    ##.....
 Freezing Cloud           Conj/Ice/Air   ######....   1%          6    ##.....
 Poison Arrow             Conj/Pois      #####.....   1%          6    ##.....
 Simulacrum               Ice/Necr       ######....   1%          6    ##.....
 Ring of Flames           Chrm/Fire      #####.....   1%          7    ####...
 Borgnjor's Revivificati  Necr           ######....   1%          8    ######.
 Disjunction              Tloc           ######....   1%          8    ######.
 Lehudib's Crystal Spear  Conj/Erth      ######....   1%          8    ######.
 Malign Gateway           Summ/Tloc      #####.....   3%          7    ####...
 Spellforged Servitor     Conj/Summ      #####.....   3%          7    ####...
 Airstrike                Air            ##........   8%          4    None
 Cause Fear               Hex            ##........   8%          4    None
 Olgreb's Toxic Radiance  Pois           ##......     8%          4    None
 Summon Lightning Spire   Summ/Air       ##......     8%          4    None
 Metabolic Englaciation   Hex/Ice        ####......   8%          5    None
 Haunt                    Necr/Summ      #####.....   8%          7    ####...
 Ozocubu's Refrigeration  Ice            #####.....   16%         6    ##.....
 Aura of Abjuration       Summ           ##........   24%         5    None
 Silence                  Hex/Air        ##........   24%         5    None
 Summon Mana Viper        Hex/Summ       ##......     24%         5    None
 Death's Door             Chrm/Necr      #####.....   24%         8    ######.
 Shatter                  Erth           ######....   24%         9    #######
 Chain Lightning          Conj/Air       #####.....   34%         8    ######.
 Deflect Missiles         Chrm/Air       ###.......   45%         6    ##.....
 Darkness                 Hex            ##........   85%         6    ##.....
 Invisibility             Hex            ##......     85%         6    ##.....
 Shadow Creatures         Summ           N/A          85%         6    ##.....
 Glaciate                 Conj/Ice       ######....   92%         9    #######
 Monstrous Menagerie      Summ           ##........   100%        7    ####...
 Summon Greater Demon     Summ           ##........   100%        7    ####...
 Summon Hydra             Summ           ##........   100%        7    ####...
 Discord                  Hex            ##........   100%        8    ######.
 Summon Horrible Things   Summ           ##........   100%        8    ######.
 Dragon's Call            Summ           ##........   100%        9    #######
 Tornado                  Air            ##........   100%        9    #######


Dungeon Overview and Level Annotations

Branches:
Dungeon (15/15)            Temple (1/1) D:7            Lair (6/6) D:8
  Swamp (4/4) Lair:2        Snake (4/4) Lair:3        Slime (5/5) Lair:6
    Orc (2/2) D:11            Elf (3/3) Orc:2        Vaults (5/5) D:14
  Crypt (3/3) Vaults:2       Tomb (0/3) Crypt:3      Depths (5/5) D:15
   Hell (1/1)                 Dis (7/7) Hell            Geh (7/7) Hell
    Coc (7/7) Hell            Tar (7/7) Hell            Zot (5/5) Depths:5

Altars:
Ashenzari
Cheibriados
Dithmenos
Elyvilon
Fedhas
Gozag
Hepliaklqana
Kikubaaqudgha
Makhleb
Nemelex Xobeh
Okawaru
Qazlal
Ru
Sif Muna
Trog
Uskayaw
Vehumet
Wu Jian
Xom
Yredelemnul
Zin
The Shining One
Jiyva

Shops:
D:4 [   Orc:2 ==?[   Elf:1 [!   Snake:4 *   Vaults:2 :   Vaults:5 [:=:
Depths:1 =   Depths:3 !   Depths:4 **!

Portals:
Hell: Depths:1 Depths:2 Depths:3 Depths:4 Depths:5
Abyss: Depths:4 Depths:5
Pandemonium: Depths:3 Depths:4
Ziggurat: Depths:5

Annotations:
Zot:5 1 exclusion
Pan Lom Lobon


Innate Abilities, Weirdness & Mutations

((You can breathe blasts of fire.))
((Your fiery red scales are hard. (AC +13)))
You cannot fit into any form of body armour.
Your flesh is heat resistant. (rF+)
You are cold-blooded and may be slowed by cold attacks.
You often lose your temper in combat.
Scrolls take you much longer to read.
You are clumsy. (Dex -2)
Your body often deteriorates upon taking damage.
You are very dopey. (Int -4)
You are extremely frail. (-30% HP)
Your magical capacity is low. (-10% MP)
You passively map a small area around you.
You sometimes yell uncontrollably at your foes.
You do not regenerate when monsters are visible.
You are often teleported next to monsters.
You are very weak. (Str -4)
Potions are poor at restoring your health.
Your spells are much easier to cast, but much less powerful.


Message History

Unknown command.
Unknown command.
Okay, then.
Unknown command.
Evoke which item? (* to show all) (? for menu, Esc to quit)
Aiming: Phantom Mirror
Press: ? - help, Dir - move target cursor, f/p - Lom Lobon
Aim: Lom Lobon
Okay, then.
Unknown command.
Unknown command.
The ice encasing you melts away.
The deep elf annihilator shouts!
The lich touches you.
* * * LOW HITPOINT WARNING * * *
The lich closely misses you. Lom Lobon gestures at you.
Lom Lobon conjures a mighty blast of ice!
The great icy blast engulfs you! You partially resist.
You die...

≈ * ≈ #≈≈ #.#
##≈≈##..## .. *
##≈≈≈#....##'# * , *
≈##≈≈≈##........ *
##≈≈≈≈#........., ,
*≈ ##≈≈≈............
* #≈≈≈.............
, *
##≈≈≈.?.§8L.)..... ,
, *≈
#≈≈≈...≈#§§....... ,
≈ #≈≈≈≈..v##&.......
##≈≈..e≈.≈#........
*
#≈≈≈....≈≈##.......
#≈......≈≈≈##....).,
#≈≈....≈≈≈≈≈###....
#≈......≈≈≈≈≈≈ ####
≈ ≈#≈≈≈..≈≈≈≈≈≈≈≈≈ ≈


You could see Lom Lobon, a lich and a deep elf annihilator.

Vanquished Creatures
  Cerebov (Pan)
  Asmodeus (Geh:7)
  Antaeus (Coc:7)
  the Royal Jelly (Slime:5)
  Ereshkigal (Tar:7)
  Gloorx Vloq (Pan)
  the Serpent of Hell (Geh:7)
  Dispater (Dis:7)
  Tiamat (Zot:3)
  6 orbs of fire
  The ghost of Zeejev the Pyromancer, a master OpVM of Gozag (Vaults:1)
  8 ancient liches
  Sojobo (Depths:1)
  58 shard shrikes
  Vashnia (Snake:2)
  6 Killer Klowns (Zot:5)
  5 curse toes
  Saint Roka (Snake:2)
  Geryon (Hell)
  15 golden dragons
  5 caustic shrikes
  Nikola (Swamp:1)
  2 profane servitors
  41 bone dragons
  Jory (Crypt:3)
  5 electric golems
  29 doom hounds
  19 iron giants
  The ghost of Cueqocas the Peltast, an adept BaFi of Okawaru (Depths:5)
  73 Brimstone Fiends
  132 Tzitzimimeh
  16 tentacled monstrosities
  26 liches
  23 Hell Sentinels
  56 Ice Fiends
  24 Orb Guardians (Zot:5)
  2 deep elf blademasters (Elf:3)
  A deep elf master archer (Elf:3)
  25 acid blobs
  7 quicksilver dragons
  An acid blob (shapeshifter) (Vaults:5)
  Asterion (Elf:3)
  Murray (Depths:5)
  6 titans
  14 death cobs
  38 Executioners
  4 sphinxes
  35 ancient champions
  22 shadow dragons
  7 pandemonium lords (Pan)
  24 eldritch tentacles
  Donald (Crypt:2)
  Agnes (Elf:1)
  3 revenants
  Frances (Swamp:1)
  14 storm dragons
  A thorn hunter (Swamp:4)
  5 tentacled starspawn
  9 tengu reavers
  6 nagarajas
  5 corrupters (Pan)
  16 azure jellies
  A storm dragon (shapeshifter) (Abyss:5)
  16 fire giants
  5 draconian monks
  A daeva (Pan)
  14 iron dragons
  6 draconian knights
  7 ghost moths
  14 vault wardens
  12 deep elf sorcerers
  5 warmongers (Pan)
  An angel (Pan)
  2 orc warlords
  9 draconian shifters
  3 imperial myrmidons (Desolation)
  Louise (Snake:3)
  4 curse skulls
  15 frost giants
  25 cacodemons
  4 elemental wellsprings
  7 deep elf elementalists
  6 draconian scorchers
  44 balrugs
  19 stone giants
  186 reapers
  6 draconian annihilators
  3 ghouls
  9 war gargoyles
  3 spriggan defenders
  4 draconian stormcallers
  22 ironheart preservers
  33 very ugly things
  8 deep elf demonologists
  2 entropy weavers (Vaults:4)
  8 blood saints (Pan)
  An ophan (Abyss:4)
  13 green draconians
  2 apis (Pan)
  11 red draconians
  11 vampire knights
  15 starcursed masses
  6 deep elf annihilators
  14 purple draconians
  3 minotaurs
  13 black suns (Pan)
  14 lorocyprocas
  15 small abominations
  12 black draconians
  10 yellow draconians
  18 ettins
  11 white draconians
  A spark wasp (shapeshifter) (Vaults:5)
  7 eidola
  2 spark wasps
  A merfolk impaler (Depths:1)
  51 blizzard demons
  17 green deaths
  11 death oozes
  The ghost of drock42 the Thaumaturge, a journeyman GnSk of the Shining One (D:12)
  18 deep elf death magi
  3 crystal guardians (Desolation)
  19 fire dragons
  Josephine (D:13)
  17 quicksilver dragon zombies
  11 servants of whispers (Desolation)
  23 great orbs of eyes
  4 deep elf high priests
  Fannar (Orc:1)
  58 ice dragons
  38 jiangshi
  9 ragged hierophants (Desolation)
  6 kraken zombies
  10 yaktaur captains
  16 naga warriors
  5 hell beasts
  26 hydras
  19 rakshasas
  5 monstrous demonspawn (Pan)
  6 spriggan air magi
  5 death knights
  31 vault guards
  11 alligators
  2 anacondas
  8 peacekeepers (Desolation)
  17 quicksilver dragon skeletons
  7 ghost crabs
  58 two-headed ogres
  27 dancing weapons
  2 shambling mangroves (Swamp:1)
  5 centaur warriors
  2 orc high priests
  14 thrashing horrors
  60 hell hogs
  19 ogre magi
  5 tengu warriors
  14 naga sharpshooters
  10 deep troll shamans
  5 deep troll earth magi
  15 titan zombies
  16 vampire magi
  2 shock serpents
  94 hell knights
  65 soul eaters
  6 iron golems
  25 storm dragon zombies
  11 titan skeletons
  88 sun demons
  Sonja (D:10)
  9 spriggan berserkers
  6 salamander mystics
  386 skeletal warriors
  27 deep elf knights
  30 shadow wraiths
  19 sixfirhies
  19 iron trolls
  7 wretched stars
  19 golden dragon zombies
  A fire crab (Lair:6)
  4 spatial maelstroms
  11 unseen horrors
  22 storm dragon skeletons
  3 death drakes
  A sea snake (shapeshifter) (Depths:4)
  35 flayed ghosts
  8 glowing orange brains
  25 anaconda zombies
  2 cherubim (Pan)
  An unseen horror (shapeshifter) (Depths:1)
  7 infernal demonspawn
  2 gelid demonspawn (Pan)
  48 shadow demons
  6 swamp dragons
  10 ghost moth zombies
  15 deep elf archers
  9 naga ritualists
  9 torturous demonspawn (Pan)
  3 orange crystal statues
  27 deep trolls
  39 phantasmal warriors
  15 ironbrand convokers
  17 shadow dragon zombies
  A lindwurm (shapeshifter) (Vaults:4)
  18 orc knights
  An iron giant skeleton (Crypt:2)
  25 necromancers
  9 wizards
  A lindwurm (Lair:6)
  13 golden dragon skeletons
  13 wolf spider zombies
  19 fire giant zombies
  7 oklob plants
  5 orc sorcerers
  3 wolf spiders
  5 harpies (Vaults:2)
  11 iron dragon zombies
  A sphinx skeleton (Vaults:2)
  74 deep elf magi
  12 mana vipers
  An orb spider (shapeshifter) (Vaults:4)
  28 frost giant zombies
  21 anaconda skeletons
  13 shadow dragon skeletons
  3 manticores
  8 shining eyes
  16 salamanders
  An orb spider (Abyss:5)
  23 stone giant zombies
  54 ugly things
  14 frost giant skeletons
  4 cyclopes
  4 worldbinders
  16 iron dragon skeletons
  2 black mambas (shapeshifter)
  4 apocalypse crabs
  10 elephants
  3 shock serpent zombies
  8 guardian serpents
  32 naga magi
  70 smoke demons
  5 ice statues
  72 rust devils
  5 eyes of devastation
  32 moths of wrath
  2 gargoyles (D:14)
  22 spiny frogs
  47 black mambas
  22 dire elephant zombies
  26 molten gargoyles
  22 stone giant skeletons
  18 fire giant skeletons
  A torpor snail (Lair:6)
  2 titan simulacra
  2 white draconian zombies
  10 vault sentinels
  17 dire elephant skeletons
  34 yaktaurs
  2 centaur skeletons
  5 rime drakes
  60 large abominations
  38 orange demons
  15 komodo dragons
  38 demonic crawlers
  7 shock serpent skeletons
  12 emperor scorpion zombies
  105 hellions
  5 kobold demonologists
  89 freezing wraiths
  7 catoblepas zombies
  A komodo dragon (shapeshifter) (Vaults:1)
  3 anaconda simulacra
  2 yaktaur skeletons (Vaults:2)
  5 catoblepas skeletons
  89 ice devils
  A yellow draconian skeleton (Tar:6)
  A golden dragon simulacrum (Coc:6)
  23 efreet
  A guardian mummy (Depths:1)
  A queen bee (shapeshifter) (Abyss:5)
  5 tengu conjurers
  124 tormentors
  A minotaur skeleton (Crypt:1)
  5 ancient zymes
  84 red devils
  3 polar bears
  20 hellwings
  A jumping spider (shapeshifter) (Vaults:5)
  55 hydra zombies
  2 tengu simulacra (Vaults:2)
  25 trolls
  16 silent spectres
  12 harpy skeletons
  A tyrant leech (shapeshifter) (Depths:5)
  31 hydra skeletons
  A jumping spider (Vaults:4)
  7 tyrant leeches
  13 harpy zombies
  12 hornets
  62 saltlings (Desolation)
  Prince Ribbit (D:8)
  26 blink frogs
  A raiju (shapeshifter) (Vaults:3)
  13 bog bodies
  17 ettin zombies
  A hippogriff (shapeshifter) (Vaults:2)
  7 dream sheep
  11 alligator zombies
  A meliai zombie (D:14)
  A slime creature (shapeshifter) (Depths:3)
  13 ice dragon zombies
  19 raiju
  17 hippogriffs
  2 iron dragon simulacra
  136 slime creatures
  17 fire dragon zombies
  3 stone giant simulacra
  Sigmund (D:6)
  2 frost giant simulacra
  7 black mamba zombies
  2 tarantellas (shapeshifter)
  12 alligator skeletons
  15 ettin skeletons
  4 air elementals
  392 flying skulls
  107 shadows
  17 ice dragon skeletons
  60 yaks
  9 spriggans
  A dire elephant simulacrum (Coc:3)
  22 water elementals
  3 redbacks (Vaults:4)
  A tarantella (Vaults:4)
  51 ynoxinuls
  13 fire dragon skeletons
  77 wraiths
  4 wyverns
  7 fire bats
  41 fire elementals
  5 black mamba skeletons
  2 yaks (shapeshifter)
  Eustachio (D:5)
  13 golden eyes
  10 vampire mosquitoes
  5 basilisks
  A human (shapeshifter) (Vaults:1)
  68 chaos spawn
  24 neqoxecs
  2 steam dragons
  10 wargs
  A swamp worm (shapeshifter) (Depths:2)
  19 hungry ghosts
  20 insubstantial wisps
  4 merfolk zombies
  14 spatial vortices
  14 swamp worms
  61 nagas
  6 acid dragons
  Menkaure (D:5)
  3 hydra simulacra
  24 spiny frog zombies
  3 floating eyes
  13 water moccasins
  12 porcupines
  244 hell hounds
  23 ice beasts
  2 merfolk skeletons
  46 orc warriors
  14 snapping turtle zombies
  3 swamp dragon zombies
  A torturous demonspawn skeleton (Coc:7)
  A sky beast (D:11)
  2 deep troll skeletons
  18 eyes of draining
  5 black bears
  10 spiny frog skeletons
  8 swamp drakes
  2 eyes of draining (shapeshifter)
  2 ice dragon simulacra
  A black mamba simulacrum (Coc:5)
  65 ogres
  91 necrophages
  19 phantoms
  9 boggarts
  4 manticore zombies
  15 centaurs
  4 ettin simulacra
  9 snapping turtle skeletons
  15 wolves
  7 human skeletons
  2 manticore skeletons
  11 crocodiles
  A yaktaur zombie (Crypt:1)
  7 big kobolds
  3 elf zombies
  Blork the orc (D:4)
  3 swamp dragon skeletons
  24 bullfrogs
  2 elf skeletons (Coc:5)
  A gnoll sergeant (D:10)
  4 earth elementals
  2 spiny frog simulacra
  4 scorpions
  A troll zombie (Geh:7)
  2 killer bees
  2 spriggan skeletons
  2 snapping turtle simulacra
  192 wights
  A troll skeleton (Coc:3)
  4 jellies
  6 howler monkeys
  3 electric eels (Lair:6)
  A wolf zombie (Crypt:1)
  18 crimson imps
  5 lava snakes (Lair:6)
  4 centaur zombies
  6 hounds
  2 quasits
  2 bullfrog zombies
  2 human simulacra
  4 human zombies
  25 orc priests
  27 orc wizards
  A gnoll shaman (D:7)
  6 bullfrog skeletons
  68 iron imps
  Ijyb (D:3)
  Jessica (D:3)
  2 iguanas
  A demonspawn skeleton (Crypt:2)
  4 hell rats
  A lightning spire (Zot:2)
  A troll simulacrum (Tar:4)
  11 worker ants
  A killer bee zombie (D:10)
  An ogre zombie (Tar:4)
  5 tengu zombies
  2 naga zombies
  An ogre skeleton (Coc:2)
  An acid dragon skeleton (Crypt:1)
  3 tengu skeletons
  25 mummies
  A worker ant zombie (D:9)
  Robin (D:3)
  6 gnolls
  7 adders
  A swamp drake skeleton (Crypt:2)
  49 shadow imps
  31 white imps
  6 ufetubi
  An ooze (D:3)
  3 adder skeletons
  An adder zombie (D:5)
  5 worms
  3 dart slugs
  6 leopard geckos
  106 orcs
  3 giant cockroaches
  13 goblins
  9 hobgoblins
  10 jackals
  45 kobolds
  5 quokkas
  A ball python (D:1)
  8 frilled lizards
  A goblin skeleton (D:4)
  A goblin zombie (D:4)
  A hobgoblin zombie (D:4)
  A jackal skeleton (D:9)
  6 kobold skeletons
  4 kobold zombies
  2 leopard gecko skeletons
  2 orc skeletons
  3 orc zombies
  A quokka skeleton (Crypt:1)
  8 rats
  A spectral orc (D:3)
  A bush (Lair:4)
  11 fire vortices
  3 fungi
  2 lurking horrors
  12 pillars of salt (Elf:2)
  31 plants
  3 starspawn tentacles
  8 tentacles
8248 creatures vanquished.

Vanquished Creatures (collateral kills)
  A neqoxec (Pan)
  An ogre (D:3)
  A dart slug (D:1)
3 creatures vanquished.

Vanquished Creatures (others)
  An Orb Guardian (Zot:5)
  2 deep elf master archers
  An eldritch tentacle (Dis:3)
  2 tengu reavers
  2 nagarajas (Snake:4)
  A fire giant (Depths:4)
  A vault warden (Vaults:5)
  An elemental wellspring (Coc:4)
  A deep elf elementalist (Elf:3)
  A stone giant (Vaults:2)
  A deep elf annihilator (Pan)
  2 green deaths
  4 yaktaur captains
  A naga warrior (Snake:4)
  A two-headed ogre (Depths:3)
  2 centaur warriors
  An alligator (Swamp:2)
  A naga sharpshooter (Snake:2)
  2 deep elf knights (Vaults:5)
  A torturous demonspawn (Pan)
  4 deep elf archers
  A mana viper (Snake:4)
  An orb spider (shapeshifter) (Depths:5)
  2 cyclopes
  A vault sentinel (Vaults:5)
  A dire elephant skeleton (Geh:7)
  A hellion (Geh:7)
  A hellwing (Pan)
  A demonic crawler (Pan)
  9 yaktaurs
  A tormentor (Geh:7)
  A red devil (Dis:5)
  A slime creature (Slime:3)
  2 shadows
  A water elemental (Hell)
  5 flying skulls
  A fire bat (Geh:2)
  A wraith (Geh:6)
  A black mamba skeleton (Geh:6)
  A golden eye (Abyss:5)
  2 chaos spawn (Abyss:5)
  An acid dragon (Vaults:2)
  A hell hound (Dis:7)
  An orc warrior (Vaults:5)
  2 centaurs
  A boggart (Depths:4)
  A bullfrog (D:14)
  3 wights
  2 crimson imps
  An orc priest (Orc:1)
  An orc wizard (Orc:1)
  A naga skeleton (Geh:2)
  A shadow imp (Tar:1)
  8 orcs
  A kobold zombie (Geh:6)
  24 demonic plants (Gauntlet)
  11 fire vortices (Pan)
  9 fungi
  A lurking horror (Abyss:5)
  3 pillars of salt (Elf:2)
  9 plants
  12 starspawn tentacles
  21 tentacles
183 creatures vanquished.

Grand Total: 8434 creatures vanquished

Notes
Turn   | Place    | Note
-------+----------+-------------------------------------------
     0 | D:1      | Hrodulf the Draconian Transmuter began the quest for the
                  | Orb.
     0 | D:1      | Reached XP level 1. HP: 16/16 MP: 3/3
    86 | D:1      | Reached XP level 2. HP: 16/23 MP: 5/5
   409 | D:1      | Learned a level 2 spell: Sticks to Snakes
  1187 | D:2      | Reached XP level 3. HP: 26/28 MP: 6/6
  1192 | D:2      | Learned a level 3 spell: Spider Form
  1324 | D:2      | Found an ancient bone altar of Kikubaaqudgha.
  1431 | D:2      | Found a shattered altar of Ashenzari.
  1960 | D:2      | Found a blossoming altar of Fedhas.
  2117 | D:3      | Noticed Robin
  2142 | D:2      | Reached XP level 4. HP: 10/35 MP: 1/7
  2145 | D:2      | Reached skill level 5 in Unarmed Combat
  2374 | D:3      | Killed Robin
  2393 | D:3      | Noticed Jessica
  2398 | D:3      | Killed Jessica
  2629 | D:3      | Noticed Ijyb
  2630 | D:3      | Noticed an ogre
  2655 | D:3      | Killed an ogre
  2655 | D:3      | Reached XP level 5. HP: 31/40 MP: 3/10
  2674 | D:3      | Killed Ijyb
  2690 | D:3      | Learned a level 4 spell: Ice Form
  2962 | D:3      | Found a faded altar of an unknown god.
  3013 | D:3      | Found a basalt altar of Yredelemnul.
  3248 | D:4      | Paralysed by a big kobold for 7 turns
  3260 | D:4      | Reached XP level 6. HP: 21/47 MP: 9/12
  3334 | D:4      | Found a glowing golden altar of the Shining One.
  3564 | D:4      | Reached skill level 5 in Spellcasting
  3873 | D:4      | Noticed Blork the orc
  3879 | D:4      | Killed Blork the orc
  3879 | D:4      | Your scales start taking on a fiery red colour.
  3879 | D:4      | Reached XP level 7. HP: 52/52 MP: 10/14
  3879 | D:4      | Gained mutation: Your flesh is heat resistant. (rF+) [Red
                  | Draconian growth]
  3929 | D:4      | Found Arusoota's Antique Armour Emporium.
  4191 | D:4      | Learned a level 5 spell: Blade Hands
  4216 | D:5      | Entered Level 5 of the Dungeon
  4216 | D:5      | Noticed Eustachio
  4244 | D:5      | Killed Eustachio
  4324 | D:5      | Reached skill level 5 in Transmutations
  4359 | D:5      | Found a shadowy altar of Dithmenos.
  4658 | D:5      | Noticed Menkaure
  4678 | D:5      | Killed Menkaure
  4678 | D:5      | Reached XP level 8. HP: 24/59 MP: 13/15
  4755 | D:5      | Learned a level 2 spell: Blink
  5161 | D:6      | Noticed Sigmund
  5165 | D:6      | Killed Sigmund
  6831 | D:7      | Reached skill level 10 in Transmutations
  6831 | D:7      | Reached XP level 9. HP: 51/64 MP: 16/16
  7165 | D:7      | Found an opulent altar of Gozag.
  7369 | D:7      | Reached skill level 5 in Fighting
  7420 | D:7      | Found a staircase to the Ecumenical Temple.
  7425 | Temple   | Entered the Ecumenical Temple
  7433 | Temple   | Became a worshipper of Cheibriados the Contemplative
  8163 | D:8      | Reached * piety under Cheibriados
  8410 | D:8      | Noticed Prince Ribbit
  8471 | D:8      | Killed Prince Ribbit
  8471 | D:8      | Reached skill level 5 in Dodging
  8639 | D:7      | Noticed a purple ugly thing
  8639 | D:7      | Noticed a tengu warrior
  9087 | D:8      | Found a staircase to the Lair.
  9104 | D:8      | Noticed an ice statue
  9371 | D:7      | Reached XP level 10. HP: 81/81 MP: 17/17
  9380 | D:7      | Reached ** piety under Cheibriados
 10110 | D:9      | Reached *** piety under Cheibriados
 10630 | D:10     | Entered Level 10 of the Dungeon
 10721 | D:10     | Noticed Sonja
 10726 | D:10     | Killed Sonja
 10726 | D:10     | Reached skill level 10 in Unarmed Combat
 10863 | D:10     | Noticed a two-headed ogre
 10870 | D:10     | Killed a two-headed ogre
 11142 | D:10     | Reached **** piety under Cheibriados
 11430 | D:11     | Reached XP level 11. HP: 86/86 MP: 12/18
 11465 | D:11     | Reached skill level 5 in Shields
 11493 | D:11     | Reached skill level 1 in Invocations
 11869 | D:11     | Reached skill level 5 in Invocations
 11886 | D:11     | Learned a level 1 spell: Apportation
 11890 | D:11     | Learned a level 3 spell: Lesser Beckoning
 11902 | D:11     | Noticed a cyan ugly thing
 11908 | D:11     | Killed a cyan ugly thing
 12050 | D:11     | Killed an unseen horror
 12197 | D:11     | Found Tyru's Weapon Shoppe.
 12197 | D:11     | Found a staircase to the Orcish Mines.
 12205 | D:11     | Paralysed by a hornet for 2 turns
 12211 | D:11     | Reached ***** piety under Cheibriados
 12715 | D:11     | Noticed a green ugly thing
 12723 | D:11     | Killed a green ugly thing
 12944 | D:11     | Noticed a two-headed ogre
 12949 | D:11     | Killed a two-headed ogre
 12949 | D:11     | Reached skill level 10 in Invocations
 13238 | D:12     | Found a transporter.
 13238 | D:12     | Noticed drock42's ghost (journeyman GnSk)
 13238 | D:12     | Noticed a green ugly thing
 13239 | D:12     | Noticed a two-headed ogre
 13245 | D:12     | Noticed a two-headed ogre
 13249 | D:12     | Killed a two-headed ogre
 13251 | D:12     | Noticed a deep troll earth mage
 13254 | D:12     | Noticed a frost giant
 13256 | D:12     | Noticed a tengu reaver
 13600 | D:12     | Reached XP level 12. HP: 95/97 MP: 13/19
 13667 | D:12     | Gained mutation: Your spells are a little harder to cast,
                  | but a little more powerful. [potion of mutation]
 13667 | D:12     | Gained mutation: You are frail. (-10% HP) [potion of
                  | mutation]
 13667 | D:12     | Gained mutation: You are agile. (Dex +2) [potion of
                  | mutation]
 13769 | D:12     | You fall through a shaft!
 13783 | D:13     | Noticed Josephine
 13791 | D:13     | Killed Josephine
 14167 | D:12     | Found a transporter.
 14576 | D:12     | Reached skill level 10 in Fighting
 14747 | D:12     | Reached ****** piety under Cheibriados
 15600 | D:13     | Noticed a two-headed ogre
 15606 | D:13     | Killed a two-headed ogre
 16164 | D:14     | Noticed a seven-headed hydra
 16166 | D:14     | Noticed a centaur warrior
 16169 | D:14     | Killed a centaur warrior
 16172 | D:14     | Killed a seven-headed hydra
 16176 | D:14     | Noticed a centaur warrior
 16177 | D:14     | Noticed a vault guard
 16182 | D:14     | Killed a centaur warrior
 16184 | D:14     | Noticed a vault guard
 16186 | D:14     | Noticed a vault guard
 16187 | D:14     | Noticed a rakshasa
 16368 | D:14     | Noticed a two-headed ogre
 16377 | D:14     | Killed a two-headed ogre
 16377 | D:14     | Reached XP level 13. HP: 78/101 MP: 15/20
 16396 | D:14     | Found a flickering gateway to a bazaar.
 16411 | Bazaar   | Entered a bazaar
 16708 | Bazaar   | Found Ozail's Armour Boutique.
 16708 | Bazaar   | Found Opsuo's Antique Weapon Boutique.
 16712 | Bazaar   | Found Naneasif's Antique Weapon Boutique.
 16712 | Bazaar   | Found Ratud's Book Boutique.
 16715 | Bazaar   | Found Exezunk's Armour Emporium.
 16740 | Bazaar   | Found Fiogg's Gadget Shoppe.
 16791 | Bazaar   | Bought the +0 shield of Qymaits {rPois rN+ rCorr} for 408
                  | gold pieces
 16802 | Bazaar   | Bought a +1 pair of boots for 184 gold pieces
 16942 | D:14     | Reached skill level 10 in Dodging
 17434 | D:14     | Found a gate to the Vaults.
 17497 | D:14     | Got a smoking arbalest
 17498 | D:14     | Identified the +4 arbalest of Big Damage {venom, *Contam
                  | +Fly rElec Str+9} (You found it on level 14 of the Dungeon)
 17506 | D:14     | Found a sacrificial altar of Ru.
 18755 | D:15     | Entered Level 15 of the Dungeon
 19114 | D:15     | Noticed a fire giant
 19789 | D:15     | Found a staircase to the Depths.
 19816 | D:15     | Killed a fire giant
 19816 | D:15     | Reached XP level 14. HP: 11/108 MP: 15/21
 20324 | D:15     | Found a glowing silver altar of Zin.
 20325 | D:15     | Noticed an angel
 21075 | Lair:1   | Entered Level 1 of the Lair of Beasts
 21119 | Lair:1   | Found a gate leading to a gauntlet.
 21145 | Gauntlet | Entered a Gauntlet
 21145 | Gauntlet | Found a transporter.
 21145 | Gauntlet | Found a large runed translucent door.
 21145 | Gauntlet | Found a large runed translucent door.
 21145 | Gauntlet | Found a large runed translucent door.
 21145 | Gauntlet | Found a large runed translucent door.
 21145 | Gauntlet | Found a runed translucent door.
 21145 | Gauntlet | Found a runed translucent door.
 21145 | Gauntlet | Found a large runed translucent door.
 21145 | Gauntlet | Found a large runed translucent door.
 21145 | Gauntlet | Found a large runed translucent door.
 21145 | Gauntlet | Found a large runed translucent door.
 21145 | Gauntlet | Found a large runed translucent door.
 21145 | Gauntlet | Found a large runed translucent door.
 21145 | Gauntlet | Found a large runed translucent door.
 21145 | Gauntlet | Found a large runed translucent door.
 21155 | Gauntlet | Found a transporter.
 21169 | Gauntlet | Found a transporter.
 21174 | Gauntlet | Found a transporter.
 21188 | Gauntlet | Noticed a balrug
 21189 | Gauntlet | Found a transporter.
 21208 | Gauntlet | Found a transporter.
 21250 | Gauntlet | Found a transporter.
 21262 | Gauntlet | Found a transporter.
 21274 | Gauntlet | Found a transporter.
 21286 | Gauntlet | Found a transporter.
 21303 | Gauntlet | Found a transporter.
 21321 | Gauntlet | Found a transporter.
 21323 | Gauntlet | Found a transporter.
 21345 | Gauntlet | Found a large runed translucent door.
 21346 | Gauntlet | Found a large runed translucent door.
 21351 | Gauntlet | Found a runed translucent gate.
 21351 | Gauntlet | Found a runed translucent gate.
 21351 | Gauntlet | Found a runed translucent gate.
 21353 | Gauntlet | Found a transporter.
 21355 | Gauntlet | Found a transporter.
 21357 | Gauntlet | Found a transporter.
 21373 | Gauntlet | Found a large runed translucent door.
 21374 | Gauntlet | Found a large runed translucent door.
 21388 | Gauntlet | Found a transporter.
 21390 | Gauntlet | Found a transporter.
 21893 | Gauntlet | Got a warped turquoise ring
 22035 | Gauntlet | Got a flickering lead ring
 22048 | Gauntlet | Identified the ring "Qapp" {rPois MR+++ Str+3 Int+2 Stlth-}
                  | (You found it in a Gauntlet)
 22051 | Gauntlet | Identified the ring of Yzxesaos {+Fly Int+6} (You found it
                  | in a Gauntlet)
 22794 | Lair:1   | Reached skill level 15 in Unarmed Combat
 23006 | Lair:1   | Reached skill level 1 in Translocations
 23833 | Lair:2   | Found a staircase to the Swamp.
 24161 | Lair:2   | Reached skill level 5 in Translocations
 24956 | Lair:3   | Found a staircase to the Snake Pit.
 26347 | Lair:4   | Reached XP level 15. HP: 113/113 MP: 22/22
 27230 | Lair:4   | Reached skill level 10 in Shields
 28340 | Lair:5   | Learned a level 6 spell: Statue Form
 28370 | Lair:6   | Entered Level 6 of the Lair of Beasts
 28379 | Lair:6   | Reached skill level 1 in Earth Magic
 28910 | Lair:6   | Reached skill level 5 in Earth Magic
 29930 | Lair:6   | Found a staircase to the Slime Pits.
 31017 | Lair:6   | Found a large runed door.
 31017 | Lair:6   | Found a large runed door.
 32235 | Orc:1    | Entered Level 1 of the Orcish Mines
 32384 | Orc:1    | Noticed an orc warlord
 32657 | D:11     | Killed an orc warlord
 33011 | Orc:1    | Noticed Fannar
 33017 | Orc:1    | Killed Fannar
 33224 | Orc:1    | Reached XP level 16. HP: 120/120 MP: 25/25
 33461 | Orc:2    | Entered Level 2 of the Orcish Mines
 33919 | Orc:2    | Found a staircase to the Elven Halls.
 34165 | Orc:2    | Found Necepas's Jewellery Shop.
 34185 | Orc:2    | Found Kefocaum's Jewellery Emporium.
 34194 | Orc:2    | Found Catewen's Magic Scroll Boutique.
 34195 | Orc:2    | Found Vuneor's Antique Armour Shop.
 34197 | Orc:2    | Bought a +5 amulet of reflection for 494 gold pieces
 34209 | Orc:2    | Bought a scroll of blinking for 112 gold pieces
 34209 | Orc:2    | Bought a scroll of teleportation for 45 gold pieces
 34209 | Orc:2    | Bought a scroll of teleportation for 45 gold pieces
 34214 | Orc:2    | Bought a pair of brightly glowing boots for 237 gold pieces
 34228 | Orc:2    | Identified the cursed +0 pair of boots "Kerhiug" {rN+
                  | Regen+ Dex+5 SInv} (You bought it in a shop on level 2 of
                  | the Orcish Mines)
 34917 | Elf:1    | Entered Level 1 of the Elven Halls
 35234 | Elf:1    | Noticed Agnes
 35243 | Elf:1    | Killed Agnes
 35243 | Elf:1    | Reached skill level 15 in Transmutations
 35725 | Elf:1    | Found Moleikak's Armour Boutique.
 35737 | Elf:1    | Found Syuc's Distillery.
 35744 | Elf:1    | Bought a potion of heal wounds for 90 gold pieces
 36424 | Elf:2    | Found a ruined gateway.
 36455 | Desolati | Entered the Desolation of Salt
 36473 | Desolati | Reached XP level 17. HP: 135/135 MP: 26/26
 36516 | Desolati | Identified Sif Muna's Collected Works on Dark
                  | Transformation
 36795 | Desolati | Reached skill level 15 in Fighting
 37130 | Desolati | Identified the Disquisition on Ice and Transmutation
 38257 | Elf:2    | Found a huge runed gate.
 38257 | Elf:2    | Found a huge runed gate.
 38257 | Elf:2    | Found a huge runed gate.
 38258 | Elf:2    | Found a huge runed gate.
 38260 | Elf:2    | Found a huge runed gate.
 38325 | Elf:2    | Reached XP level 18. HP: 146/146 MP: 27/27
 39093 | Swamp:1  | Entered Level 1 of the Swamp
 39316 | Swamp:1  | Noticed Nikola
 39329 | Swamp:1  | Killed Nikola
 39479 | Swamp:1  | Noticed Frances
 39496 | Swamp:1  | Killed Frances
 40344 | Swamp:2  | Reached skill level 15 in Dodging
 41433 | Swamp:4  | Entered Level 4 of the Swamp
 42132 | Swamp:4  | Noticed a tentacled monstrosity
 42143 | Swamp:4  | Killed a tentacled monstrosity
 42166 | Swamp:4  | Reached skill level 15 in Shields
 42171 | Swamp:4  | Reached XP level 19. HP: 130/153 MP: 23/28
 42284 | Swamp:4  | Got a decaying rune of Zot
 42524 | Snake:1  | Entered Level 1 of the Snake Pit
 43580 | Snake:1  | You fall through a shaft!
 43592 | Snake:2  | Noticed Vashnia
 43600 | Snake:2  | Killed Vashnia
 44378 | Snake:2  | Noticed Saint Roka
 44400 | Snake:2  | Killed Saint Roka
 44537 | Snake:3  | Noticed Louise
 44548 | Snake:3  | Killed Louise
 45152 | Snake:4  | Entered Level 4 of the Snake Pit
 45401 | Snake:4  | Found Butol's General Store.
 45409 | Snake:4  | Bought a scroll of teleportation for 57 gold pieces
 45409 | Snake:4  | Bought 2 potions of mutation for 304 gold pieces
 46039 | Snake:4  | Reached XP level 20. HP: 119/160 MP: 27/29
 46191 | Snake:4  | Got a serpentine rune of Zot
 46578 | Snake:4  | Learned a level 5 spell: Bolt of Magma
 46859 | Snake:1  | Identified the +11 halberd of the Thirsty Nights {vamp,
                  | rElec rC++ rN+}
 47128 | D:12     | Killed drock42's ghost
 47307 | Elf:3    | Entered Level 3 of the Elven Halls
 47415 | Elf:3    | Noticed Asterion
 47429 | Elf:3    | Killed Asterion
 48145 | Elf:3    | Reached skill level 1 in Throwing
 48147 | Elf:3    | Reached skill level 1 in Fire Magic
 48428 | Elf:3    | Identified the +0 scale mail of Qubuuk {Stlth+}
 48431 | Elf:3    | Reached skill level 5 in Fire Magic
 48433 | Elf:3    | Reached skill level 1 in Conjurations
 48587 | Elf:3    | Identified the ring "Zauggohe" {Ice +Fly rPois Int+4}
 48683 | Elf:3    | Identified the +2 robe of Parlour Games {rN+ Int+4}
 48694 | Elf:3    | Reached skill level 5 in Conjurations
 48738 | Elf:3    | Identified the +7 hand crossbow "Fish" {flame, rF- Dex+6}
                  | (You found it on level 3 of the Elven Halls)
 48756 | Elf:3    | Identified the Disquisition on Glacial Self-Improvement
 49959 | Slime:1  | Entered Level 1 of the Pits of Slime
 49964 | Slime:1  | Gained mutation: Scrolls take you a little longer to read.
                  | [a shining eye]
 49973 | Slime:1  | Lost mutation: Your spells are a little harder to cast, but
                  | a little more powerful. [a shining eye]
 49973 | Slime:1  | Gained mutation: You are very frail. (-20% HP) [a shining
                  | eye]
 50433 | Slime:2  | Reached XP level 21. HP: 147/147 MP: 24/30
 51142 | Slime:3  | Gained mutation: You are occasionally teleported next to
                  | monsters. [a shining eye]
 51146 | Slime:3  | Lost mutation: You are very frail. (-20% HP) [potion of
                  | mutation]
 51146 | Slime:3  | Lost mutation: You are agile. (Dex +2) [potion of mutation]
 51146 | Slime:3  | Gained mutation: You are weak. (Str -2) [potion of
                  | mutation]
 51146 | Slime:3  | Lost mutation: You are weak. (Str -2) [potion of mutation]
 51147 | Slime:3  | Lost mutation: Scrolls take you a little longer to read.
                  | [potion of mutation]
 51147 | Slime:3  | Lost mutation: You are occasionally teleported next to
                  | monsters. [potion of mutation]
 51147 | Slime:3  | Gained mutation: You evolve. [potion of mutation]
 51147 | Slime:3  | Gained mutation: Your mind is acute. (Int +2) [potion of
                  | mutation]
 51181 | Slime:3  | Reached skill level 10 in Earth Magic
 51501 | Slime:3  | Gained mutation: Your magical capacity is low. (-10% MP) [a
                  | shining eye]
 51503 | Slime:3  | Lost mutation: You are frail. (-10% HP) [a shining eye]
 51602 | Slime:3  | Gained mutation: Your spells are a little easier to cast,
                  | but a little less powerful. [a shining eye]
 53497 | Slime:4  | Reached skill level 10 in Fire Magic
 54684 | Slime:5  | Entered Level 5 of the Pits of Slime
 54767 | Slime:5  | Gained mutation: Your body sometimes deteriorates upon
                  | taking damage. [a shining eye]
 54768 | Slime:5  | Gained mutation: You tend to lose your temper in combat. [a
                  | shining eye]
 54770 | Slime:5  | Gained mutation: You are occasionally teleported next to
                  | monsters. [a shining eye]
 54772 | Slime:5  | Lost mutation: Your magical capacity is low. (-10% MP)
                  | [potion of mutation]
 54772 | Slime:5  | Lost mutation: Your body sometimes deteriorates upon taking
                  | damage. [potion of mutation]
 54772 | Slime:5  | Lost mutation: You tend to lose your temper in combat.
                  | [potion of mutation]
 54772 | Slime:5  | Gained mutation: You have a pair of small horns on your
                  | head. [potion of mutation]
 54772 | Slime:5  | Gained mutation: Potions are less effective at restoring
                  | your health. [potion of mutation]
 54772 | Slime:5  | Lost mutation: Your spells are a little easier to cast, but
                  | a little less powerful. [potion of mutation]
 54772 | Slime:5  | Gained mutation: You are robust. (+10% HP) [potion of
                  | mutation]
 54773 | Slime:5  | Lost mutation: Potions are less effective at restoring your
                  | health. [potion of mutation]
 54773 | Slime:5  | Lost mutation: You evolve. [potion of mutation]
 54773 | Slime:5  | Lost mutation: You have a pair of small horns on your head.
                  | [potion of mutation]
 54773 | Slime:5  | Lost mutation: Your mind is acute. (Int +2) [potion of
                  | mutation]
 54773 | Slime:5  | Gained mutation: You evolve. [potion of mutation]
 54773 | Slime:5  | Gained mutation: You have a pair of small antennae on your
                  | head. [potion of mutation]
 54774 | Slime:5  | Lost mutation: You are robust. (+10% HP) [potion of
                  | mutation]
 54774 | Slime:5  | Lost mutation: You are occasionally teleported next to
                  | monsters. [potion of mutation]
 54774 | Slime:5  | Gained mutation: Your muscles are strong. (Str +2) [potion
                  | of mutation]
 54774 | Slime:5  | Gained mutation: Your mind is acute. (Int +2) [potion of
                  | mutation]
 54774 | Slime:5  | Gained mutation: Your tail ends in a poisonous barb.
                  | [potion of mutation]
 55006 | Slime:5  | Found a viscous altar of Jiyva.
 55020 | Slime:5  | Noticed the Royal Jelly
 55046 | Slime:5  | Killed the Royal Jelly
 55046 | Slime:5  | Reached skill level 10 in Spellcasting
 55065 | Slime:5  | Got a slimy rune of Zot
 55092 | Slime:5  | Identified the +8 great sword "Jixom" {slice, *Contam +Fly
                  | rF+ Int+3} (You found it on level 5 of the Pits of Slime)
 55107 | Slime:5  | Identified the Guide on Creative Translocation
 55133 | Slime:5  | Got a heavily runed ruby amulet
 55135 | Slime:5  | Identified the amulet of Sloth {Harm *Drain rN+ Dex+6} (You
                  | found it on level 5 of the Pits of Slime)
 55198 | Slime:5  | Identified the Tome of Boosts and Calling
 55207 | Slime:5  | Identified the Compendium of the Arsonist
 55213 | Slime:5  | Identified the +8 rapier of Tenacity {elec, rC++ Str+3
                  | Int+4 Dex-5} (You found it on level 5 of the Pits of Slime)
 55850 | Depths:1 | Entered Level 1 of the Depths
 55975 | Depths:1 | Reached XP level 22. HP: 191/191 MP: 36/36
 56277 | Depths:1 | Found a gateway to Hell.
 56292 | Depths:1 | Found Onned's Jewellery Shop.
 56313 | Depths:1 | Noticed Sojobo
 56328 | Depths:1 | Killed Sojobo
 56360 | Depths:1 | Found a portal to a secret trove of treasure.
 56987 | Depths:2 | Noticed a golden dragon
 56998 | Depths:2 | Killed a golden dragon
 57756 | Depths:2 | Identified the +0 shield of the Accordion {Str+4} (You
                  | found it on level 2 of the Depths)
 57837 | Depths:2 | Learned a level 2 spell: Shroud of Golubria
 58067 | Depths:3 | Found Bexzur's Distillery.
 58266 | Depths:3 | Found a one-way gate leading to the halls of Pandemonium.
 58704 | Depths:3 | Identified the ring "Jueph" {Wiz rC- MP+9 Dex+6 Stlth+}
 58805 | Depths:3 | Gained mutation: You are frail. (-10% HP) [evolution]
 58805 | Depths:3 | Lost mutation: You evolve. [end of evolution]
 58818 | Depths:3 | Reached XP level 23. HP: 124/178 MP: 37/37
 60316 | Depths:4 | Identified a scroll of acquirement
 60631 | Depths:4 | Found Emmypium's Assorted Antiques.
 60642 | Depths:4 | Found Lemuiceg's Distillery.
 60649 | Depths:4 | Bought a potion of heal wounds for 70 gold pieces
 61001 | Depths:4 | Got a sparkling emerald amulet
 61002 | Depths:4 | Identified the amulet of Devotion {Spirit +Fly rPois Str+3
                  | Dex-3} (You acquired it on level 4 of the Depths)
 61014 | Depths:4 | Found a one-way gate to the infinite horrors of the Abyss.
 61218 | Depths:4 | Gained mutation: You are very frail. (-20% HP) [a shining
                  | eye]
 61223 | Depths:4 | Lost mutation: Your tail ends in a poisonous barb. [potion
                  | of mutation]
 61223 | Depths:4 | Lost mutation: You have a pair of small antennae on your
                  | head. [potion of mutation]
 61223 | Depths:4 | Lost mutation: You are very frail. (-20% HP) [potion of
                  | mutation]
 61223 | Depths:4 | Gained mutation: Your tail ends in a poisonous barb.
                  | [potion of mutation]
 61223 | Depths:4 | Lost mutation: Your muscles are strong. (Str +2) [potion of
                  | mutation]
 61223 | Depths:4 | Gained mutation: Your tail ends in a sharp poisonous barb.
                  | [potion of mutation]
 61224 | Depths:4 | Lost mutation: You are frail. (-10% HP) [potion of
                  | mutation]
 61224 | Depths:4 | Lost mutation: Your tail ends in a sharp poisonous barb.
                  | [potion of mutation]
 61224 | Depths:4 | Lost mutation: Your tail ends in a poisonous barb. [potion
                  | of mutation]
 61224 | Depths:4 | Gained mutation: Your magical capacity is low. (-10% MP)
                  | [potion of mutation]
 61224 | Depths:4 | Gained mutation: Your muscles are strong. (Str +2) [potion
                  | of mutation]
 61224 | Depths:4 | Gained mutation: You expend magic power (3 MP) to
                  | strengthen your wands. [potion of mutation]
 61224 | Depths:4 | Gained mutation: Your large and strong wings let you fly
                  | indefinitely. [potion of mutation]
 61233 | Depths:4 | Found Xoaveym's Assorted Antiques.
 62302 | Depths:4 | Identified the ring of the Will of the Gods {rN+ EV+3
                  | Str+2} (You found it on level 4 of the Depths)
 62315 | Depths:4 | Got an ancient wooden ring
 62316 | Depths:4 | Identified the ring of Fixation {Ice Dex+3} (You found it
                  | on level 4 of the Depths)
 62697 | Depths:5 | Entered Level 5 of the Depths
 62698 | Depths:5 | Noticed a caustic shrike
 62700 | Depths:5 | Noticed a caustic shrike
 62700 | Depths:5 | Noticed a caustic shrike
 62702 | Depths:5 | Killed a caustic shrike
 62702 | Depths:5 | Reached XP level 24. HP: 211/211 MP: 23/33
 63371 | Depths:5 | Found a transporter.
 63377 | Depths:5 | Noticed Cueqocas's ghost (adept BaFi)
 63404 | Depths:5 | Killed Cueqocas's ghost
 63412 | Depths:5 | Found a transporter.
 63413 | Depths:5 | Got a sparkling ivory ring
 63439 | Depths:5 | Identified the ring of Yesterday {Ice rPois Dex+2} (You
                  | found it on level 5 of the Depths)
 63717 | Depths:5 | Noticed an ancient lich
 63722 | Depths:5 | Found a gateway to a ziggurat.
 63750 | Depths:5 | Killed an ancient lich
 63806 | Depths:5 | Found a gate to the Realm of Zot.
 64066 | Hell     | Entered the Vestibule of Hell
 64066 | Hell     | Noticed Geryon
 64077 | Hell     | Killed Geryon
 64085 | Hell     | Noticed Murray
 64410 | Depths:5 | Killed Murray
 65024 | Depths:1 | You paid a toll of the horn of Geryon to enter a treasure
                  | trove
 65025 | Trove    | Entered a treasure trove
 65032 | Trove    | Found the brooch of Shielding {Reflect SH+8}
 65041 | Trove    | Got a scorched turquoise ring
 65047 | Trove    | Got a scintillating sapphire amulet
 65049 | Trove    | Got a translucent bronze ring
 65051 | Trove    | Got a twitching lapis lazuli ring
 65071 | Trove    | Identified the ring "Otaihy" {+Blink +Fly MP-9 Dex-4
                  | Slay+3} (You found it in a treasure trove)
 65074 | Trove    | Identified the ring "Cuffar" {Str+2 Slay+1} (You found it
                  | in a treasure trove)
 65077 | Trove    | Identified the ring "Taoqit" {Fire MR+ Int+2 Dex-2 SInv}
                  | (You found it in a treasure trove)
 65080 | Trove    | Identified the amulet of Goickum {rF+ Regen+ Stlth+} (You
                  | found it in a treasure trove)
 65094 | Trove    | Got a fine copper ring
 65095 | Trove    | Identified the ring "Ophezesk" {+Inv Str+3 Dex+4} (You
                  | found it in a treasure trove)
 65099 | Trove    | Got a smoking amber ring
 65100 | Trove    | Identified the ring of Teto Hoe {rC+ MP-9 Str+8} (You found
                  | it in a treasure trove)
 65281 | Hell     | Found a gateway to the ashen valley of Gehenna.
 65385 | Hell     | Found a gateway to the freezing wastes of Cocytus.
 65407 | Hell     | Reached XP level 25. HP: 102/230 MP: 22/33
 65719 | Hell     | Found a gateway to the decaying netherworld of Tartarus.
 65837 | Hell     | Found a gateway to the Iron City of Dis.
 65969 | Vaults:1 | Entered Level 1 of the Vaults
 66316 | Vaults:1 | Found a runed gate.
 66316 | Vaults:1 | Found a runed gate.
 66320 | Vaults:1 | Found a runed gate.
 66516 | Vaults:1 | Identified the ring "Anyepoppa" {rElec rN+ Str+3 Int+2
                  | Slay-3}
 66516 | Vaults:1 | Noticed Zeejev's ghost (master OpVM)
 66520 | Vaults:1 | Found an iron altar of Okawaru.
 66533 | Vaults:1 | Killed Zeejev's ghost
 67615 | Vaults:2 | Found a staircase to the Crypt.
 67655 | Vaults:2 | Found Xicepueq's Book Shop.
 67780 | Vaults:2 | Bought a book of Geomancy for 630 gold pieces
 67780 | Vaults:2 | Bought a book of the Dragon for 1620 gold pieces
 67783 | Vaults:2 | Learned a level 2 spell: Passwall
 69564 | Vaults:4 | Reached XP level 26. HP: 186/238 MP: 33/33
 70778 | Vaults:4 | Reached skill level 10 in Translocations
 71118 | Vaults:5 | Entered Level 5 of the Vaults
 71434 | Vaults:5 | Found the cursed necklace of Bloodlust {*Rage +Rage MR++
                  | Int-3 Slay+6 *Curse}
 71471 | Vaults:5 | Noticed an ancient lich
 71484 | Vaults:5 | Killed an ancient lich
 71499 | Vaults:5 | Noticed an ancient lich
 71512 | Vaults:5 | Killed an ancient lich
 71763 | Vaults:4 | Reached XP level 27. HP: 168/245 MP: 33/33
 72240 | Vaults:5 | Noticed a juggernaut
 72246 | Vaults:5 | a juggernaut changed into a shard shrike
 72345 | Vaults:5 | Found Nakuw's Antique Armour Emporium.
 72369 | Vaults:5 | Bought a glowing cloak for 270 gold pieces
 72369 | Vaults:5 | Bought a runed scarf for 288 gold pieces
 72414 | Vaults:5 | Found Koplonem's Book Boutique.
 72419 | Vaults:5 | Bought a book of Necromancy for 360 gold pieces
 72419 | Vaults:5 | Bought a book of Annihilations for 1324 gold pieces
 72423 | Vaults:5 | Learned a level 3 spell: Regeneration
 72427 | Vaults:5 | Learned a level 3 spell: Ozocubu's Armour
 72431 | Vaults:5 | Got a silver rune of Zot
 72433 | Vaults:5 | Found Camerauwi's Jewellery Shop.
 72827 | Vaults:5 | Found Ogreth Zusa's Book Shop.
 73183 | Geh:1    | Entered Level 1 of Gehenna
 74540 | Geh:1    | Reached skill level 1 in Charms
 74743 | Geh:2    | Reached skill level 5 in Charms
 74782 | Geh:2    | Reached skill level 1 in Necromancy
 74963 | Geh:2    | Reached skill level 5 in Necromancy
 75982 | Geh:2    | Gained mutation: Scrolls take you a little longer to read.
                  | [mutagenic glow]
 75997 | Geh:2    | Gained mutation: Potions are less effective at restoring
                  | your health. [mutagenic glow]
 76637 | Geh:3    | Reached skill level 15 in Translocations
 77981 | Geh:4    | You are sucked into a shaft for 2 floors!
 79620 | Geh:7    | Entered Level 7 of Gehenna
 80388 | Geh:7    | Reached skill level 15 in Spellcasting
 80744 | Geh:7    | Noticed the Serpent of Hell
 80755 | Geh:7    | Killed the Serpent of Hell
 80937 | Geh:7    | Learned a level 8 spell: Controlled Blink
 81613 | Geh:7    | Identified the Compendium of Weightlessness and Talismans
 81686 | Geh:7    | Learned a level 7 spell: Dragon Form
 81698 | Geh:7    | Identified the +7 sceptre of Asmodeus
 81698 | Geh:7    | Noticed Asmodeus
 81709 | Geh:7    | Killed Asmodeus
 81726 | Geh:7    | Got an obsidian rune of Zot
 81728 | Geh:7    | Lost mutation: Scrolls take you a little longer to read.
                  | [potion of mutation]
 81728 | Geh:7    | Lost mutation: You expend magic power (3 MP) to strengthen
                  | your wands. [potion of mutation]
 81728 | Geh:7    | Lost mutation: Your large and strong wings let you fly
                  | indefinitely. [potion of mutation]
 81728 | Geh:7    | Gained mutation: You are frail. (-10% HP) [potion of
                  | mutation]
 81728 | Geh:7    | Lost mutation: You are frail. (-10% HP) [potion of
                  | mutation]
 81729 | Geh:7    | Lost mutation: Your mind is acute. (Int +2) [potion of
                  | mutation]
 81729 | Geh:7    | Lost mutation: Your muscles are strong. (Str +2) [potion of
                  | mutation]
 81729 | Geh:7    | Gained mutation: Your body sometimes deteriorates upon
                  | taking damage. [potion of mutation]
 81729 | Geh:7    | Lost mutation: Your body sometimes deteriorates upon taking
                  | damage. [potion of mutation]
 81729 | Geh:7    | Gained mutation: You have a pair of small horns on your
                  | head. [potion of mutation]
 82091 | Crypt:1  | Entered Level 1 of the Crypt
 82994 | Crypt:2  | Identified the -7 shield "Esaet" {+Inv rElec rC+ MR+}
 82994 | Crypt:2  | Noticed Donald
 83001 | Crypt:2  | Killed Donald
 83156 | Crypt:2  | Lost mutation: Your magical capacity is low. (-10% MP)
                  | [potion of mutation]
 83156 | Crypt:2  | Lost mutation: You have a pair of small horns on your head.
                  | [potion of mutation]
 83156 | Crypt:2  | Gained mutation: You are dopey. (Int -2) [potion of
                  | mutation]
 83156 | Crypt:2  | Gained mutation: Your flesh is very heat resistant. (rF++)
                  | [potion of mutation]
 83156 | Crypt:2  | Gained mutation: You passively map a small area around you.
                  | [potion of mutation]
 83157 | Crypt:2  | Lost mutation: Potions are less effective at restoring your
                  | health. [potion of mutation]
 83157 | Crypt:2  | Lost mutation: You are dopey. (Int -2) [potion of mutation]
 83157 | Crypt:2  | Gained mutation: Your mind is acute. (Int +2) [potion of
                  | mutation]
 83157 | Crypt:2  | Gained mutation: You evolve. [potion of mutation]
 83712 | Crypt:2  | Lost mutation: Your flesh is very heat resistant. (rF++)
                  | [evolution]
 83712 | Crypt:2  | Lost mutation: You evolve. [end of evolution]
 83964 | Crypt:3  | Entered Level 3 of the Crypt
 84074 | Crypt:3  | Found a basalt altar of Yredelemnul.
 84397 | Crypt:3  | Identified the +9 hunting sling of Truth {speed, rPois
                  | Str+4} (You found it on level 3 of the Crypt)
 84464 | Crypt:3  | Noticed Jory
 84468 | Crypt:3  | Killed Jory
 84479 | Crypt:3  | Found a staircase to the Tomb.
 84508 | Crypt:3  | Identified Sif Muna's Incunabulum of Stones and Sinister
                  | Secrets
 84614 | Crypt:3  | Identified the +7 long sword of Theory {drain, -Tele rC++
                  | MP+9 Stlth+} (You found it on level 3 of the Crypt)
 84695 | Crypt:3  | Got a scorched tin ring
 84696 | Crypt:3  | Identified the cursed ring "Attuufeja" {Str-3 Int+2 SInv}
                  | (You found it on level 3 of the Crypt)
 85199 | Tar:1    | Entered Level 1 of Tartarus
 89114 | Tar:4    | Gained mutation: Your spells are a little easier to cast,
                  | but a little less powerful. [mutagenic glow]
 89153 | Tar:4    | Gained mutation: You occasionally shout uncontrollably at
                  | your foes. [mutagenic glow]
 89706 | Tar:4    | Reached skill level 27 in Unarmed Combat
 90928 | Tar:5    | Reached skill level 27 in Fighting
 92501 | Tar:6    | Reached skill level 27 in Dodging
 92718 | Tar:6    | Noticed an ancient lich
 92728 | Tar:6    | Killed an ancient lich
 93383 | Tar:7    | Entered Level 7 of Tartarus
 94942 | Tar:7    | Identified Further Steps in Spellweaving
 95216 | Tar:7    | Noticed Ereshkigal
 95224 | Tar:7    | Killed Ereshkigal
 95263 | Tar:7    | Got a bone rune of Zot
 95520 | Tar:7    | Identified the Papyrus of Snow
 96405 | Tar:7    | Got a flickering glass ring
 96406 | Tar:7    | Identified the ring "Looshoig" {rF+ rN+ Int+3 Stlth-} (You
                  | found it on level 7 of Tartarus)
 96444 | Tar:7    | Identified Biteif's Incunabulum of Glacial Feathers
 96510 | Tar:7    | Got a shimmering emerald amulet
 96511 | Tar:7    | Identified the amulet "Goti" {Acrobat rN++} (You found it
                  | on level 7 of Tartarus)
 97280 | Coc:1    | Entered Level 1 of Cocytus
 97552 | Coc:1    | Gained mutation: You are frail. (-10% HP) [mutagenic glow]
 97562 | Coc:1    | Gained mutation: Your body sometimes deteriorates upon
                  | taking damage. [mutagenic glow]
 97597 | Coc:1    | Gained mutation: Potions are less effective at restoring
                  | your health. [mutagenic glow]
 97622 | Coc:1    | Gained mutation: Your body often deteriorates upon taking
                  | damage. [mutagenic glow]
 98223 | Coc:1    | Reached skill level 27 in Shields
 98341 | Coc:1    | Reached skill level 1 in Ice Magic
 98788 | Coc:1    | Reached skill level 5 in Ice Magic
 99517 | Coc:2    | Reached skill level 10 in Necromancy
101625 | Coc:4    | Reached skill level 15 in Earth Magic
102688 | Coc:5    | Reached skill level 15 in Necromancy
103203 | Coc:5    | Gained mutation: Scrolls take you a little longer to read.
                  | [mutagenic glow]
104567 | Coc:6    | Learned a level 8 spell: Infestation
105048 | Coc:6    | Gained mutation: You sometimes yell uncontrollably at your
                  | foes. [mutagenic glow]
105060 | Coc:6    | Gained mutation: You tend to lose your temper in combat.
                  | [mutagenic glow]
105769 | Coc:7    | Entered Level 7 of Cocytus
107441 | Coc:7    | Noticed Antaeus
107592 | Coc:7    | Reached skill level 10 in Conjurations
107915 | Coc:7    | Killed Antaeus
108108 | Coc:7    | Got an icy rune of Zot
108385 | Dis:1    | Entered Level 1 of the Iron City of Dis
110128 | Dis:2    | Gained mutation: You are very frail. (-20% HP) [mutagenic
                  | glow]
110182 | Dis:2    | Lost mutation: You tend to lose your temper in combat.
                  | [mutagenic glow]
110208 | Dis:2    | Gained mutation: You are occasionally teleported next to
                  | monsters. [mutagenic glow]
110474 | Dis:3    | Lost mutation: Your mind is acute. (Int +2) [mutagenic
                  | glow]
110731 | Dis:3    | Learned a level 8 spell: Necromutation
112407 | Dis:5    | Reached skill level 15 in Fire Magic
112867 | Dis:5    | Gained mutation: Scrolls take you longer to read.
                  | [mutagenic glow]
114207 | Dis:7    | Entered Level 7 of the Iron City of Dis
114278 | Dis:7    | Reached skill level 15 in Conjurations
114761 | Dis:7    | Gained mutation: You tend to lose your temper in combat. [a
                  | cacodemon]
116168 | Depths:4 | Voluntarily entered the Abyss.
116305 | Abyss:1  | Found a burning altar of Makhleb.
116406 | Abyss:1  | Noticed an ancient lich
116411 | Abyss:1  | Killed an ancient lich
116584 | Abyss:1  | Reached skill level 15 in Invocations
116615 | Abyss:1  | Found a corrupted altar of Lugonu.
116615 | Abyss:2  | Found an ancient bone altar of Kikubaaqudgha.
116623 | Abyss:3  | Found a corrupted altar of Lugonu.
117244 | Abyss:5  | Entered Level 5 of the Abyss
117256 | Abyss:5  | Got a fine iron amulet
117259 | Abyss:5  | Identified the amulet "Moiciclu" {Regen+ Str+2 Stlth+} (You
                  | acquired it on level 5 of the Abyss)
117402 | Abyss:5  | Lost mutation: Potions are less effective at restoring your
                  | health. [a neqoxec]
117403 | Abyss:5  | Paralysed by you for 4 turns
117555 | Abyss:5  | Got an abyssal rune of Zot
117587 | Abyss:5  | Found a corrupted altar of Lugonu.
117770 | Abyss:5  | Gained mutation: You are clumsy. (Dex -2) [a neqoxec]
117810 | Abyss:5  | Lost mutation: Your body often deteriorates upon taking
                  | damage. [a neqoxec]
117810 | Abyss:5  | Gained mutation: Scrolls take you much longer to read. [a
                  | neqoxec]
117810 | Abyss:5  | Gained mutation: Your body often deteriorates upon taking
                  | damage. [a neqoxec]
117812 | Abyss:5  | Gained mutation: You are dopey. (Int -2) [a neqoxec]
117813 | Abyss:5  | Lost mutation: You are clumsy. (Dex -2) [a neqoxec]
117945 | Depths:4 | Escaped the Abyss
118119 | Zot:1    | Entered Level 1 of the Realm of Zot
118130 | Zot:1    | Noticed an orb of fire
118134 | Zot:1    | Killed an orb of fire
118272 | Zot:1    | Noticed an orb of fire
118278 | Zot:1    | Gained mutation: Your magical capacity is low. (-10% MP)
                  | [an orb of fire]
118283 | Zot:1    | Killed an orb of fire
119288 | Zot:2    | Got a steaming crystal amulet
119292 | Zot:2    | Identified the amulet of Xawes {Spirit Int+4} (You found it
                  | on level 2 of the Realm of Zot)
119388 | Zot:2    | You fall through a shaft for 2 floors!
119389 | Zot:4    | Noticed an orb of fire
119389 | Zot:4    | Lost mutation: You tend to lose your temper in combat. [an
                  | orb of fire]
119390 | Zot:4    | Gained mutation: Potions are less effective at restoring
                  | your health. [an orb of fire]
119390 | Zot:4    | Gained mutation: You are weak. (Str -2) [an orb of fire]
119476 | Zot:4    | Killed an orb of fire
120027 | Zot:3    | Identified the +4 dragonskin cloak
120027 | Zot:3    | Noticed Tiamat
120045 | Zot:3    | Killed Tiamat
120761 | Zot:5    | Entered Level 5 of the Realm of Zot
120953 | Zot:5    | Noticed an ancient lich
120958 | Zot:5    | Killed an ancient lich
121011 | Zot:5    | Noticed an orb of fire
121014 | Zot:5    | Gained mutation: You are extremely frail. (-30% HP) [an orb
                  | of fire]
121024 | Zot:5    | Killed an orb of fire
121339 | Zot:5    | Noticed an orb of fire
121343 | Zot:5    | Gained mutation: You frequently scream uncontrollably at
                  | your foes. [an orb of fire]
121346 | Zot:5    | Killed an orb of fire
121506 | Zot:5    | Noticed an orb of fire
121506 | Zot:5    | Noticed an ancient lich
121509 | Zot:5    | Noticed an ancient lich
121512 | Zot:5    | Killed an orb of fire
121512 | Zot:5    | Killed an ancient lich
121515 | Zot:5    | Killed an ancient lich
122855 | Dis:7    | Learned a level 9 spell: Fire Storm
123034 | Dis:7    | Got a transparent granite ring
123038 | Dis:7    | Identified the ring "Daiw" {Ice -Tele rPois rN+ Str+2} (You
                  | found it on level 7 of the Iron City of Dis)
123045 | Dis:7    | Got a bound bronze ring
123049 | Dis:7    | Identified the ring "Etoxoarr" {Int+3 Stlth+} (You found it
                  | on level 7 of the Iron City of Dis)
123371 | Dis:7    | Identified the +4 staff of Dispater
123371 | Dis:7    | Identified the +0 robe "Mosefrun" {rPois rC+ Str-2}
123371 | Dis:7    | Noticed Dispater
123382 | Dis:7    | Killed Dispater
123419 | Dis:7    | Got an iron rune of Zot
123895 | Pan      | Entered Pandemonium
124184 | Pan      | Noticed Niad Tuy the pandemonium lord
124192 | Pan      | Killed Niad Tuy the pandemonium lord
125175 | Pan      | Found an exit through the horrors of the Abyss.
125176 | Pan      | Noticed Hakeutut the pandemonium lord
125182 | Pan      | Killed Hakeutut the pandemonium lord
125716 | Pan      | Noticed Vegges the pandemonium lord
125728 | Pan      | Killed Vegges the pandemonium lord
126750 | Pan      | Gained mutation: You are clumsy. (Dex -2) [a cacodemon]
126800 | Pan      | Identified the +7 falchion of Crawling {slice, rPois}
126858 | Pan      | Identified the ring "Merore" {rCorr rC++}
127066 | Pan      | Found a transporter.
127343 | Pan      | Got a bloodstained cloak
127354 | Pan      | Identified the +2 cloak "Huafu Wemn" {Str+8} (You found it
                  | in Pandemonium)
127363 | Pan      | Found a transporter.
127489 | Pan      | Gained mutation: Your spells are easier to cast, but less
                  | powerful. [a neqoxec]
127490 | Pan      | Gained mutation: You are sometimes teleported next to
                  | monsters. [a neqoxec]
127572 | Pan      | Found an exit through the horrors of the Abyss.
127922 | Pan      | Noticed Adoodiz the pandemonium lord
127926 | Pan      | Killed Adoodiz the pandemonium lord
127946 | Pan      | Gained mutation: You are very dopey. (Int -4) [a neqoxec]
127951 | Pan      | Lost mutation: You frequently scream uncontrollably at your
                  | foes. [a neqoxec]
127954 | Pan      | Lost mutation: You are very dopey. (Int -4) [a neqoxec]
127955 | Pan      | Lost mutation: You are weak. (Str -2) [a neqoxec]
128208 | Pan      | Found a runed door.
128226 | Pan      | Got a demonic rune of Zot
128553 | Pan      | Gained mutation: You are very dopey. (Int -4) [a neqoxec]
128822 | Pan      | Gained mutation: You are weak. (Str -2) [a neqoxec]
129099 | Pan      | Gained mutation: Potions are poor at restoring your health.
                  | [a neqoxec]
129349 | Pan      | Found an exit through the horrors of the Abyss.
129456 | Pan      | Gained mutation: You do not regenerate when monsters are
                  | visible. [a cacodemon]
129490 | Pan      | Gained mutation: Your spells are much easier to cast, but
                  | much less powerful. [a cacodemon]
129568 | Pan      | Found a runed door.
129578 | Pan      | Noticed Siq Qina the pandemonium lord
129583 | Pan      | Killed Siq Qina the pandemonium lord
129589 | Pan      | Gained mutation: You are often teleported next to monsters.
                  | [a cacodemon]
129886 | Pan      | Entered the realm of Gloorx Vloq.
130017 | Pan      | Noticed Gloorx Vloq
130029 | Pan      | Killed Gloorx Vloq
130245 | Pan      | Got a dark rune of Zot
130813 | Pan      | Noticed Ribruri the pandemonium lord
130831 | Pan      | Killed Ribruri the pandemonium lord
131520 | Pan      | Entered the realm of Cerebov.
131620 | Pan      | Identified the +6 sword of Cerebov {flame}
131620 | Pan      | Noticed Cerebov
132323 | Pan      | Killed Cerebov
132362 | Pan      | Identified the Papyrus of Creative Black Arts
132366 | Pan      | Identified the Papyrus of the Snowflakes and the Birds
132369 | Pan      | Identified the Almanac of Scorching Stolen Souls
132413 | Pan      | Identified the Compendium of Sinister Transmutation
132550 | Pan      | Got a fiery rune of Zot
132582 | Pan      | Found an exit through the horrors of the Abyss.
133064 | Pan      | Found a glowing silver altar of Zin.
133081 | Pan      | HP: 5/248 [daeva/divine providence (12)]
133104 | Depths:3 | Escaped Pandemonium
133275 | Pan      | Entered Pandemonium
133280 | Pan      | Found an exit through the horrors of the Abyss.
133285 | Pan      | Noticed Pieckaun the pandemonium lord
133288 | Pan      | Gained mutation: You are very weak. (Str -4) [a cacodemon]
133289 | Pan      | Lost mutation: Scrolls take you much longer to read. [a
                  | cacodemon]
133290 | Pan      | Gained mutation: You tend to lose your temper in combat. [a
                  | cacodemon]
133296 | Pan      | Gained mutation: You often lose your temper in combat. [a
                  | cacodemon]
133299 | Pan      | Gained mutation: Scrolls take you much longer to read. [a
                  | cacodemon]
133301 | Pan      | Killed Pieckaun the pandemonium lord
133356 | Pan      | Noticed Mennas
133493 | Pan      | Noticed Putaan the pandemonium lord
133497 | Depths:3 | Escaped Pandemonium
134343 | Pan      | Entered the realm of Lom Lobon.
134343 | Pan      | Entered Pandemonium
134954 | Pan      | Noticed Lom Lobon
134963 | Pan      | Killed from afar by Lom Lobon

Vault maps used:
D:1:      sevenhm_arrival_forest_fort_small_3, minmay_misc_feat_iff,
          minmay_tromino_i2
D:2:      kiku_gazebo_pond_becter, ashenzari_conservatory_becter, fedhas_altar_4
D:3:      yredelemnul_forgotten_temple_becter, first_ration,
          chequers_ecumenical_altar_grove, uniq_robin, uniq_ijyb, uniq_jessica
D:4:      cheibrodos_thug_alley, serial_shops, shop_fountains, serial_rivers,
          chequers_serial_rivers_micro_e, chequers_serial_rivers_micro_a,
          chequers_serial_rivers_room_a, chequers_serial_rivers_large_b,
          chequers_garden, nicolae_tso_besieged_by_evil, uniq_blork_the_orc
D:5:      grunt_dithmenos_smoke_and_mirrors, st_stairs_14, uniq_menkaure,
          uniq_eustachio
D:6:      uniq_sigmund
D:7:      minmay_klotski, nicolae_overflow_crystal_walls,
          minmay_temple_entry_nine_rooms, grunt_ogre_cave
D:8:      lemuel_ice_statue, lair_entry_dummy, uniq_prince_ribbit1
D:10:     uniq_sonja
D:11:     orc_david_3
D:12:     gammafunk_ghost_arena, chequers_serial_rivers_small_3,
          small_chamber_with_monster
D:13:     uniq_josephine
D:14:     lightli_vaults_fourway_checkpoint, moated_statue, serial_shops,
          bzr_entry_road, nicolae_ru_the_path_less_chosen
D:15:     grunt_enter_depths_giant_problem, zin_angel
Temple:   nicolae_temple_no_exploring_needed
Lair:1:   wad_woods_structure_01, gauntlet_entry_generic, serial_bayou_pond_a,
          minmay_holes, serial_bayou_shore_b
Lair:2:   swamp_mist
Lair:3:   minmay_snake_entry_guardpost_medium, grunt_forest_large_clearing_hut
Lair:4:   minmay_lair_oklob_bushes, minmay_shattered_shrine
Lair:5:   cheibrodos_lair_river_kwai
Lair:6:   cheibrodos_lair_end_hotspot, minmay_slime_entry_oklob_enclosed,
          serial_bayou_shore_b, serial_bayou_shore_b, infiniplex_staircase_pool
Swamp:1:  evilmike_swamp_ruin_rubble_1, swamp_pool4, hangedman_swamp_cone,
          uniq_nikola, uniq_frances
Swamp:2:  hangedman_swamp_pad
Swamp:3:  nicolae_swamp_dense_foliage, swamp_pool1
Swamp:4:  swamp_vile, swamp_pool4
Snake:2:  nicolae_snake_nest, uniq_vashnia, uniq_saint_roka
Snake:3:  cheibrodos_snake_ritualist_ritual, uniq_louise
Snake:4:  snake_pit, serial_shops, shop
Slime:3:  cheibrodos_slime_lost_civilization_2, nicolae_slime_round_cave
Slime:4:  cheibrodos_slime_lost_civilization_9
Orc:1:    uniq_fannar
Orc:2:    st_orc_open
Elf:1:    kennysheep_underground_church, hangedman_elf_power_crystal,
          minivault_16, minmay_shoptagon, uniq_agnes
Elf:2:    portal_desolation_entry_garden
Elf:3:    elf_hall_gauntlet_narrow, minivault_16, uniq_asterion
Vaults:1: gammafunk_vaults_ghost_fury_of_okawaru, st_diamondy,
          vaults_room_door_hall, nicolae_vaults_windows_and_doors_thing,
          vaults_dpeg_ring, ontoclasm_vaults_eye, vaults_room_large_hall,
          vaults_room_grunt_arrival_ludios, vaults_room_door_ring,
          vaults_room_ringed_pool, ontoclasm_vaults_loading_screen
Vaults:2: minmay_crypt_entry_skeletal_spiral, vaults_room_hallway,
          nicolae_vaults_hallways_thing, v_rooms_4, hangedman_vaults_locks,
          hangedman_vaults_pinch, vaults_standard_mumra_x,
          vaults_room_door_ring, v_misc_10, vaults_room_stairs_pillars,
          hangedman_vaults_trim, vaults_room_hallway, serial_shops,
          nicolae_shop_statue_plus
Vaults:3: hangedman_vaults_cutoff, vaults_room_pool, vaults_room_grid,
          nicolae_vaults_little_squares_4
Vaults:4: v_misc_1, v_rooms_5, vaults_mumra_lcd, vaults_mumra_minichess,
          v_misc_19, vaults_room_hallway, ontoclasm_vaults_shuriken
Crypt:1:  nicolae_crypt_little_mausoleum, grunt_megastairs_2
Crypt:2:  uniq_donald
Crypt:3:  grunt_crypt_end_deaths_head
Depths:1: serial_bayou, serial_bayou_crossing, serial_bayou_lagoon_a,
          serial_bayou_pond_d, serial_bayou_pond_d, serial_shops, shop,
          hell_entry, nicolae_trove_entry_path_of_doom, serial_bayou_shore_a,
          uniq_sojobo
Depths:2: nicolae_legendary_halls, hell_entry,
          infiniplex_staircase_split_hallway, minmay_misc_feat_cross
Depths:3: hangedman_grunt_twisty_little_passages, serial_shops, shop,
          serial_bayou_pond_e, grunt_pan_entry_zigzag, hell_entry,
          chequers_jeans, hangedman_abyss_or_decor_stabs, firewood_loft
Depths:4: little_maze_vault, abyss_entry, pan_entry, serial_shops,
          nicolae_shop_overgrown_old_shop, nicolae_shop_overgrown_old_shop,
          shop_fountains, serial_bayou_pond_e, lightli_too_deep,
          hangedman_decor_cross_pass, minmay_staircase_windowed_large
Depths:5: grunt_zot_entry_alcove, enter_ziggurat_c,
          gammafunk_ghost_berserking_beasts, hell_entry, minmay_misc_feat_five,
          abyss_entry
Dis:3:    hangedman_dis_decor_blocks_mantle, nicolae_dis_iron_filings,
          hangedman_player_shredder
Dis:7:    dis_st
Geh:3:    grunt_megastairs_5
Geh:4:    grunt_megastairs_4
Geh:6:    nicolae_geh_lava_in_the_way
Geh:7:    geh_old
Coc:7:    coc_grunt_cove
Tar:6:    grunt_deathspiral_small, nicolae_tar_cuneiform_bread
Tar:7:    tar_mu
Zot:1:    st_stairs_1, hangedman_elemental_corridor
Zot:2:    amethyst_zot_foddershock
Zot:3:    uniq_tiamat
Abyss:3:  evilmike_abyss_rune_tso_outpost
Abyss:4:  grunt_abyss_rune_forest_and_sorcery
Abyss:5:  evilmike_abyss_exit_12, nicolae_abyss_rune_left_handed,
          bh_abyss_exit_spiral, hangedman_abyss_or_decor_stagger
Pan:      evilmike_mini_pan_T, evilmike_mini_pan_diamond,
          pan_blood_fountain_small, pan_blood_fountain,
          nicolae_pan_sigil_uleosi, grunt_pan_spiral,
          nicolae_pan_gloorx_vloqian_2, gammafunk_the_bubble,
          nicolae_pan_sigil_eeng, regret_index_pan_draining_boxed, rand_demon_9,
          nicolae_pan_gloorx_vloqian_1, evilmike_gloorx_vloq_box,
          evilmike_mini_pan_doors, cerebov_grunt, nicolae_pan_cerebovesque_3,
          evilmike_holy_pan, evilmike_mini_pan_diamond, uniq_mennas_pan,
          reaverb_pan_figure_eight, nicolae_pan_double_arrow, lom_lobon_grunt,
          nicolae_pan_mnolegish_4
Bazaar:   bazaar_minmay_challenge
Trove:    trove_jewel_1
Gauntlet: gammafunk_gauntlet_one_two_three

Skill      XL: |  1  2  3  4  5  6  7  8  9 10 11 12 13 14 15 16 17 18 19 20 21 22 23 24 25 26 27 |
---------------+----------------------------------------------------------------------------------+-----
Unarmed Combat | 4 5 6 10 13 15 18 20 22 27 | 27.0
Spellcasting   | 3 4 5 6 10 25 | 25.0
Transmutations | 3 6 10 12 15 20 | 20.0
Fighting       | 5 6 10 13 15 16 20 27 | 27.0
Dodging        | 5 9 10 13 15 16 19 20 27 | 27.0
Shields        | 4 5 9 10 15 19 21 27 | 27.0
Invocations    | 10 15 | 15.0
Translocations | 5 10 25 | 25.0
Earth Magic    | 5 7 10 20 | 20.0
Throwing       | 1 |  1.0
Fire Magic     | 5 10 25 | 25.0
Conjurations   | 5 25 | 25.0
Charms         | 5 |  5.0
Necromancy     | 21 | 21.8
Ice Magic      | 5 |  5.0

Action                   |  1- 3 |  4- 6 |  7- 9 | 10-12 | 13-15 | 16-18 | 19-21 | 22-24 | 25-27 || total
-------------------------+-------+-------+-------+-------+-------+-------+-------+-------+-------++-------
Melee: Unarmed           |   134 |   199 |   535 |   485 |  1338 |  1402 |  1394 |  1342 | 14864 || 21693
       Tailslap          |     7 |    23 |    61 |   103 |   370 |   280 |   324 |   376 |  3505 ||  5049
       Kick              |     2 |       |       |       |       |       |       |       |       ||     2
       Punch             |     2 |     2 |     5 |    15 |    22 |       |       |       |    25 ||    71
       Headbutt          |       |       |       |       |       |       |       |       |    52 ||    52
       Bite              |       |       |       |       |       |       |       |       |    30 ||    30
 Cast: Beastly Appendage |     2 |       |       |       |       |       |       |       |       ||     2
       Sticks to Snakes  |     1 |     3 |       |       |     2 |       |     1 |       |     4 ||    11
       Spider Form       |     2 |     7 |     9 |       |       |       |       |       |       ||    18
       Blade Hands       |       |       |     8 |    36 |    20 |       |       |       |       ||    64
       Ice Form          |       |       |       |     2 |     1 |       |     1 |       |       ||     4
       Blink             |       |       |       |     1 |       |       |       |     1 |     3 ||     5
       Lesser Beckoning  |       |       |       |       |     2 |       |     4 |    17 |   213 ||   236
       Statue Form       |       |       |       |       |     8 |    45 |    50 |    30 |   570 ||   703
       Bolt of Magma     |       |       |       |       |       |       |    11 |    16 |    60 ||    87
       Apportation       |       |       |       |       |       |       |     1 |       |     9 ||    10
       Shroud of Golubri |       |       |       |       |       |       |       |     7 |    42 ||    49
       Regeneration      |       |       |       |       |       |       |       |       |   159 ||   159
       Dragon Form       |       |       |       |       |       |       |       |       |    64 ||    64
       Controlled Blink  |       |       |       |       |       |       |       |       |    28 ||    28
       Fire Storm        |       |       |       |       |       |       |       |       |     4 ||     4
       Infestation       |       |       |       |       |       |       |       |       |     3 ||     3
       Necromutation     |       |       |       |       |       |       |       |       |     2 ||     2
Invok: Slouch            |       |       |       |     4 |     9 |     6 |    13 |     9 |    71 ||   112
       Step From Time    |       |       |       |       |     1 |       |     2 |     3 |    21 ||    27
       Bend Time         |       |       |       |       |     1 |       |       |       |       ||     1
 Abil: Breathe Fire      |       |       |    30 |    25 |    44 |     8 |     9 |     1 |    11 ||   128
       Evoke Flight      |       |       |       |       |     8 |     1 |     1 |       |       ||    10
       Stop Flying       |       |       |       |       |     5 |       |     1 |       |     6 ||    12
       End Transformatio |       |       |       |       |       |       |     3 |       |     4 ||     7
       Fly               |       |       |       |       |       |       |       |       |     6 ||     6
Evoke: Wand              |       |     2 |       |     3 |    13 |     1 |     3 |     2 |    16 ||    40
  Use: Potion            |       |     3 |     1 |     4 |     7 |     1 |     6 |     3 |    31 ||    56
       Scroll            |       |     9 |     2 |    13 |     6 |    10 |    11 |    14 |    27 ||    92
 Stab: Sleeping          |       |       |     1 |     4 |       |     1 |     1 |       |       ||     7
       Distracted        |       |       |       |     1 |       |       |     1 |     3 |     6 ||    11
       Betrayed ally     |       |       |       |       |     2 |       |       |       |     1 ||     3
       Confused          |       |       |       |       |       |     6 |     1 |     3 |     1 ||    11
       Petrifying        |       |       |       |       |       |       |       |       |     1 ||     1
       Petrified         |       |       |       |       |       |       |       |       |     1 ||     1
  Eat: Chunk             |     4 |     7 |    26 |    28 |    28 |    36 |    19 |    24 |    98 ||   270
       Ration            |       |       |       |       |     6 |     2 |    10 |     1 |    44 ||    63
Armor: Skin              |    28 |    51 |   146 |   102 |   243 |   328 |   207 |   325 |  1817 ||  3247
Dodge: Dodged            |    83 |   119 |   399 |   457 |  1272 |  1621 |  1258 |  1651 | 10002 || 16862
       Deflected         |       |       |       |       |     9 |    28 |    88 |     1 |       ||   126
Block: Other             |     7 |    15 |    31 |    20 |    10 |     2 |     1 |       |    69 ||   155
       Reflection        |       |       |       |    18 |    17 |    38 |   132 |    64 |   301 ||   570
       Buckler           |       |       |       |    64 |   586 |  1246 |   918 |       |       ||  2814
       Shield            |       |       |       |       |       |       |   462 |  1988 | 18326 || 20776

Table legend:
 A = Non-vault XP
 B = Vault XP
 C = Vault XP percentage of total XP
 D = Non-vault monster count
 E = Vault monster count
 F = Vault count percentage of total count
                 A         B        C        D         E       F
            +---------+---------+-------+---------+---------+-------
      Total | 4548565 | 1796836 |  28.3 |    6501 |    1672 |  20.5
            +---------+---------+-------+---------+---------+-------
        D:1 |      32 |       2 |   5.9 |      18 |       1 |   5.3
        D:2 |      48 |      12 |  20.0 |      17 |       6 |  26.1
        D:3 |      90 |      96 |  51.6 |      15 |       9 |  37.5
        D:4 |     207 |     263 |  56.0 |       8 |      24 |  75.0
        D:5 |     358 |     434 |  54.8 |      24 |       4 |  14.3
        D:6 |     969 |     238 |  19.7 |      26 |       1 |   3.7
        D:7 |    1241 |    1923 |  60.8 |      29 |      11 |  27.5
        D:8 |    1106 |     879 |  44.3 |      29 |       4 |  12.1
        D:9 |    2485 |       0 |   0.0 |      42 |       0 |   0.0
       D:10 |    1995 |     636 |  24.2 |      17 |       1 |   5.6
       D:11 |   14403 |     131 |   0.9 |      70 |       3 |   4.1
       D:12 |    4406 |    8710 |  66.4 |      36 |      11 |  23.4
       D:13 |    2660 |    2083 |  43.9 |       9 |       6 |  40.0
       D:14 |   14827 |    8583 |  36.7 |      45 |      12 |  21.1
       D:15 |   12951 |    1917 |  12.9 |      36 |       1 |   2.7
     Lair:1 |    4689 |    1645 |  26.0 |      23 |       4 |  14.8
     Lair:2 |    5894 |       0 |   0.0 |      22 |       0 |   0.0
     Lair:3 |   11067 |    1854 |  14.3 |      34 |      10 |  22.7
     Lair:4 |    6212 |    3642 |  37.0 |      25 |       8 |  24.2
     Lair:5 |    3442 |    2155 |  38.5 |      17 |       6 |  26.1
     Lair:6 |   19069 |   10527 |  35.6 |      56 |      31 |  35.6
    Swamp:1 |   10842 |    6074 |  35.9 |      29 |       2 |   6.5
    Swamp:2 |    8435 |       0 |   0.0 |      18 |       0 |   0.0
    Swamp:3 |   12802 |       0 |   0.0 |      34 |       0 |   0.0
    Swamp:4 |   12406 |   19879 |  61.6 |      38 |      28 |  42.4
    Snake:1 |   14082 |       0 |   0.0 |      32 |       0 |   0.0
    Snake:2 |   17574 |   13256 |  43.0 |      35 |      18 |  34.0
    Snake:3 |   13784 |    4192 |  23.3 |      35 |       6 |  14.6
    Snake:4 |   32804 |   27074 |  45.2 |      54 |      42 |  43.8
    Slime:1 |    6951 |       0 |   0.0 |      24 |       0 |   0.0
    Slime:2 |   17535 |       0 |   0.0 |      30 |       0 |   0.0
    Slime:3 |   45342 |    4239 |   8.5 |      57 |       5 |   8.1
    Slime:4 |   16577 |       0 |   0.0 |      42 |       0 |   0.0
    Slime:5 |   10685 |   30261 |  73.9 |      22 |      13 |  37.1
      Orc:1 |    5474 |    1028 |  15.8 |      40 |       1 |   2.4
      Orc:2 |    5319 |   15415 |  74.3 |      41 |      37 |  47.4
      Elf:1 |   16759 |    6799 |  28.9 |      26 |       8 |  23.5
      Elf:2 |   28846 |   21322 |  42.5 |      48 |      27 |  36.0
      Elf:3 |   17180 |   41188 |  70.6 |      27 |      26 |  49.1
   Vaults:1 |   27871 |   41558 |  59.9 |      56 |      39 |  41.1
   Vaults:2 |   37317 |   27283 |  42.2 |      74 |      46 |  38.3
   Vaults:3 |   16545 |     349 |   2.1 |      25 |       1 |   3.8
   Vaults:4 |   62672 |   27108 |  30.2 |      92 |      31 |  25.2
   Vaults:5 |   35943 |  128882 |  78.2 |      48 |      78 |  61.9
    Crypt:1 |   11895 |    8193 |  40.8 |      23 |      10 |  30.3
    Crypt:2 |   31190 |    2110 |   6.3 |      35 |       1 |   2.8
    Crypt:3 |       0 |   80087 | 100.0 |       0 |     122 | 100.0
   Depths:1 |   26279 |    7589 |  22.4 |      36 |       4 |  10.0
   Depths:2 |   17929 |   39675 |  68.9 |      18 |      26 |  59.1
   Depths:3 |   21286 |   75896 |  78.1 |      30 |      90 |  75.0
   Depths:4 |   59856 |   55142 |  48.0 |      56 |      34 |  37.8
   Depths:5 |   54778 |   67370 |  55.2 |      54 |      46 |  46.0
       Hell |   10933 |   25603 |  70.1 |      14 |      47 |  77.0
      Dis:1 |   51377 |       0 |   0.0 |     120 |       0 |   0.0
      Dis:2 |   61768 |       0 |   0.0 |     108 |       0 |   0.0
      Dis:3 |   82915 |   14445 |  14.8 |     114 |      18 |  13.6
      Dis:4 |   54970 |       0 |   0.0 |     116 |       0 |   0.0
      Dis:5 |   77199 |       0 |   0.0 |     112 |       0 |   0.0
      Dis:6 |   37717 |       0 |   0.0 |      59 |       0 |   0.0
      Dis:7 |  171866 |  103315 |  37.5 |     215 |      72 |  25.1
      Geh:1 |   99682 |       0 |   0.0 |     167 |       0 |   0.0
      Geh:2 |   91278 |       0 |   0.0 |     160 |       0 |   0.0
      Geh:3 |   93966 |    1201 |   1.3 |     142 |       4 |   2.7
      Geh:4 |   45084 |    1057 |   2.3 |      96 |       2 |   2.0
      Geh:6 |  145743 |     715 |   0.5 |     206 |       2 |   1.0
      Geh:7 |  130284 |   68064 |  34.3 |     181 |      42 |  18.8
      Coc:1 |   90067 |       0 |   0.0 |     139 |       0 |   0.0
      Coc:2 |   73447 |       0 |   0.0 |      84 |       0 |   0.0
      Coc:3 |   71879 |       0 |   0.0 |     103 |       0 |   0.0
      Coc:4 |  124102 |       0 |   0.0 |     120 |       0 |   0.0
      Coc:5 |  141164 |       0 |   0.0 |     149 |       0 |   0.0
      Coc:6 |  122974 |       0 |   0.0 |     127 |       0 |   0.0
      Coc:7 |  130735 |   77025 |  37.1 |     128 |      68 |  34.7
      Tar:1 |  115073 |       0 |   0.0 |     143 |       0 |   0.0
      Tar:2 |  148968 |       0 |   0.0 |     154 |       0 |   0.0
      Tar:3 |  122972 |       0 |   0.0 |     180 |       0 |   0.0
      Tar:4 |  120016 |       0 |   0.0 |     148 |       0 |   0.0
      Tar:5 |  126621 |       0 |   0.0 |     147 |       0 |   0.0
      Tar:6 |  160432 |   35398 |  18.1 |     161 |      27 |  14.4
      Tar:7 |  221396 |  137592 |  38.3 |     238 |      96 |  28.7
      Zot:1 |   59406 |   16545 |  21.8 |      34 |       9 |  20.9
      Zot:2 |   78985 |   10772 |  12.0 |      54 |       5 |   8.5
      Zot:3 |   64500 |   19459 |  23.2 |      33 |       9 |  21.4
      Zot:4 |   42671 |       0 |   0.0 |      21 |       0 |   0.0
      Zot:5 |   43988 |  165977 |  79.0 |      27 |      45 |  62.5
    Abyss:1 |   26030 |       0 |   0.0 |      36 |       0 |   0.0
    Abyss:3 |   20619 |       0 |   0.0 |      43 |       0 |   0.0
    Abyss:4 |   23194 |       0 |   0.0 |      41 |       0 |   0.0
    Abyss:5 |   53959 |   24900 |  31.6 |      94 |      24 |  20.3
        Pan |  405476 |  235955 |  36.8 |     510 |     195 |  27.7
 Desolation |       0 |   57907 | 100.0 |       0 |     106 | 100.0
   Gauntlet |       0 |    3207 | 100.0 |       0 |       7 | 100.0
            +---------+---------+-------+---------+---------+-------
